Workbook

Sheet B1
A1: SCOTTISH WATER
A3: ANNUAL RETURN INFORMATION REQUIREMENTS 2026
A6: SECTION B : OUTPUTS TO CUSTOMERS
A7: Table B1: Restrictions on water use
A10: Line | B10: Description | C10: Units | D10: Field | F10: Report year | I10: Report year +1 (forecast)
A11: ref. | D11: type
F12: 2025-26 | G12: CG | I12: 2026-27 | J12: CG
B15: Restrictions on water use
A16: B1.1 | B16: Total of zonal populations | C16: 000 | D16: I | F16: 5429.612 | G16: B2 | I16: 5456.873 | J16: B3
A17: B1.2 | B17: Population affected by ordinary water shortage orders | C17: nr | D17: I | F17: 0 | G17: AX
A18: B1.3 | B18: % Population affected by ordinary water shortage orders | C18: % | D18: C | F18: =F17/(F16*1000) -> 0 | G18: AX | I18: =I17/(I16*1000) -> 0
A19: B1.4 | B19: Population affected by emergency water shortage orders | C19: nr | D19: I | F19: 0 | G19: AX
A20: B1.5 | B20: % Population affected by emergency water shortage orders | C20: % | D20: C | F20: =F19/(F16*1000) -> 0 | G20: AX | I20: =I19/(I16*1000) -> 0
A21: B1.6 | B21: Monitored reservoir sources breaching the drought impacts (red) trigger | C21: nr | D21: I | F21: 6 | G21: A1
A22: B1.7 | B22: Total number of supply systems monitored against drought trigger levels | C22: nr | D22: I | F22: 86 | G22: A1
A23: B1.8 | B23: Total number of supply systems not monitored against drought trigger levels | C23: nr | D23: I | F23: 142 | G23: A1
A27: Prepared by: | C27: Date:
A29: Checked by: ……………………………………………...….. | C29: Date:
A31: Authorised by | C31: Date: | D31: 16/062026

Sheet B2
A1: SCOTTISH WATER
A3: ANNUAL RETURN INFORMATION REQUIREMENTS 2026
A6: SECTION B : OUTPUTS TO CUSTOMERS
A7: Table B2: Pressure and interruptions
A10: Line | B10: Description | C10: AR22 | D10: Units | E10: Field | G10: Report year | J10: Report year +1 (forecast)
A11: ref. | C11: ref. | E11: type
G12: ='B1'!F12 -> 2025-26 | H12: CG | J12: ='B1'!I12 -> 2026-27 | K12: CG
B14: Properties receiving pressure/flow below reference level
A15: B2.1 | B15: Total connected properties | C15: B2.1 | D15: nr | E15: BF A1.10 | G15: 2844558 | H15: B2 | J15: 2866881 | K15: B3
A16: B2.2 | B16: Properties below reference level at start of year | C16: B2.2 | D16: nr | E16: I | G16: 194 | H16: A1 | J16: 185 | K16: C2
A17: B2.2a | B17: Properties added due to better information | C17: B2.2a | D17: nr | E17: I | G17: 0 | H17: A1 | J17: 0 | K17: C2
A18: B2.2b | B18: Properties added due to asset deterioration | C18: B2.2b | D18: nr | E18: I | G18: 2 | H18: A1 | J18: 12 | K18: C2
A19: B2.2c | B19: Properties added due to operational changes | C19: B2.2c | D19: nr | E19: I | G19: 0 | H19: A1 | J19: 0 | K19: C2
A20: B2.2d | B20: Properties removed due to better information | C20: B2.2d | D20: nr | E20: I | G20: 3 | H20: A1 | J20: 0 | K20: C2
A21: B2.2e | B21: Properties removed due to asset improvements | C21: B2.2e | D21: nr | E21: I | G21: 8 | H21: A1 | J21: 0 | K21: C2
A22: B2.2f | B22: Properties removed due to operational improvements | C22: B2.2f | D22: nr | E22: I | G22: 0 | H22: A1 | J22: 0 | K22: C2
A23: B2.3 | B23: Properties below reference level at end of year | C23: B2.3 | D23: nr | E23: I | G23: 185 | H23: A1 | J23: 198 | K23: C2
A24: B2.3a | B24: Number of properties on the low pressure register | D24: nr | E24: I | G24: 15 | H24: A1 | J24: 27 | K24: C2
A25: B2.3b | B25: Number of properties excluded from the low pressure register | D25: nr | E25: I | G25: 170 | H25: A1 | J25: 171 | K25: C2
A26: B2.4 | B26: Properties receiving low pressure but excluded from line B2.3 | C26: B2.4 | D26: nr | E26: I | G26: 15130 | H26: B2 | J26: 15000 | K26: C2
B28: Properties affected by planned interruptions
A29: B2.5 | B29: Less than 3 hours planned and warned | D29: nr | E29: I | G29: 10200 | H29: A2 | J29: 22999 | K29: A2
A30: B2.6 | B30: More than 3 hours planned and warned | C30: B2.5 | D30: nr | E30: I | G30: 16722 | H30: A2 | J30: 29663 | K30: A2
A31: B2.7 | B31: More than 6 hours planned and warned | C31: B2.6 | D31: nr | E31: I | G31: 1863 | H31: A2 | J31: 5206 | K31: A2
A32: B2.8 | B32: More than 12 hours planned and warned | C32: B2.7 | D32: nr | E32: I | G32: 0 | H32: A2 | J32: 0 | K32: A2
A33: B2.9 | B33: More than 24 hours planned and warned | C33: B2.8 | D33: nr | E33: I | G33: 0 | H33: A2 | J33: 0 | K33: A2
B35: Properties affected by unplanned interruptions
A36: B2.10 | B36: Less than 3 hours unplanned | D36: nr | E36: I | G36: 227343 | H36: A2 | J36: 216898 | K36: A2
A37: B2.11 | B37: More than 3 hours unplanned | C37: B2.9 | D37: nr | E37: I | G37: 71822 | H37: A2 | J37: 90202 | K37: A2
A38: B2.12 | B38: More than 6 hours unplanned | C38: B2.10 | D38: nr | E38: I | G38: 4455 | H38: A2 | J38: 5263 | K38: A2
A39: B2.13 | B39: More than 12 hours unplanned | C39: B2.11 | D39: nr | E39: I | G39: 552 | H39: A2 | J39: 763 | K39: A2
A40: B2.14 | B40: More than 24 hours unplanned | C40: B2.12 | D40: nr | E40: I | G40: 64 | H40: A2 | J40: 153 | K40: A2
B42: Interruptions caused by third parties
A43: B2.15 | B43: Less than 3 hours caused by third parties | D43: nr | E43: I | G43: 3456 | H43: A2 | J43: 6741 | K43: A2
A44: B2.16 | B44: More than 3 hours caused by third parties | C44: B2.13 | D44: nr | E44: I | G44: 4763 | H44: A2 | J44: 5399 | K44: A2
A45: B2.17 | B45: More than 6 hours caused by third parties | C45: B2.14 | D45: nr | E45: I | G45: 1431 | H45: A2 | J45: 1606 | K45: A2
A46: B2.18 | B46: More than 12 hours caused by third parties | C46: B2.15 | D46: nr | E46: I | G46: 202 | H46: A2 | J46: 2044 | K46: A2
A47: B2.19 | B47: More than 24 hours caused by third parties | C47: B2.16 | D47: nr | E47: I | G47: 8 | H47: A2 | J47: 7 | K47: A2
B49: Unplanned interruptions (overrun of planned interruptions)
A50: B2.20 | B50: Less than 3 hours unplanned (overruns of planned interruptions) | D50: nr | E50: I | G50: 0 | H50: A2 | J50: 1349 | K50: A2
A51: B2.21 | B51: More than 3 hours unplanned (overruns of planned interruptions) | D51: nr | E51: I | G51: 1177 | H51: A2 | J51: 1439 | K51: A2
A52: B2.22 | B52: More than 6 hours unplanned (overruns of planned interruptions) | C52: B2.17 | D52: nr | E52: I | G52: 34 | H52: A2 | J52: 45 | K52: A2
A53: B2.23 | B53: More than 12 hours unplanned (overruns of planned interruptions) | C53: B2.18 | D53: nr | E53: I | G53: 0 | H53: A2 | J53: 3 | K53: A2
A54: B2.24 | B54: More than 24 hours unplanned (overruns of planned interruptions) | C54: B2.19 | D54: nr | E54: I | G54: 0 | H54: A2 | J54: 0 | K54: A2
B56: Interruptions over 3h
A57: B2.25 | B57: Average supply interruption greater than three hours (minutes per property) | C57: B2.20 | D57: min | E57: I | G57: 9.5086 | H57: A2 | J57: 14.9365 | K57: A2
B59: Total weighted properties for OPA
A60: B2.26 | B60: Total number of properties restored > 6 hours | C60: B2.21 | D60: nr | E60: C | G60: =G38+G52 -> 4489 | H60: A2 | J60: =J38+J52 -> 5308 | K60: A2
A61: B2.27 | B61: Total number of properties restored > 12 hours | C61: B2.22 | D61: nr | E61: C | G61: =G39+G53 -> 552 | H61: A2 | J61: =J39+J53 -> 766 | K61: A2
A62: B2.28 | B62: Total number of properties restored > 24 hours | C62: B2.23 | D62: nr | E62: C | G62: =G40+G54 -> 64 | H62: A2 | J62: =J40+J54 -> 153 | K62: A2
A63: B2.29 | B63: Total weighted properties for OPA (>6 hours) | C63: B2.24 | D63: nr | E63: C | G63: =1*(G60-G61)+2*(G61-G62)+4*G62 -> 5169 | H63: A2 | J63: =1*(J60-J61)+2*(J61-J62)+4*J62 -> 6380 | K63: A2
B65: Total minutes lost per property
A66: B2.30 | B66: Total minutes lost per connected property (all incidents) | D66: min | E66: I | G66: 16.6673 | H66: A2 | J66: 20.9218 | K66: A2
B68: Total properties impacted by interruptions to supply
A69: B2.31 | B69: Total properties impacted by interruptions to supply (all incidents) | D69: nr | E69: I | G69: 327264 | H69: A2 | J69: 365252 | K69: A2
B71: Number of incidents that trigger a warning/alert
A72: B2.32 | B72: Number of incidents that trigger a warning / alert (as per criteria) | D72: nr | E72: I | G72: 55 | H72: A2 | J72: 87 | K72: A2
A76: Prepared by: ……………………………………………...….. | D76: Date:
A78: Checked by: ……………………………………………...….. | D78: Date:
A80: Authorised by: | D80: Date:16/06/2026

Sheet B3
A1: SCOTTISH WATER
A3: ANNUAL RETURN INFORMATION REQUIREMENTS 2026
A6: SECTION B : OUTPUTS TO CUSTOMERS
A7: Table B3: Sewage - Internal flooding
A10: Line | B10: Description | C10: Units | D10: Field | F10: Report year | I10: Report year +1 (forecast)
A11: Ref. | D11: Type
F12: ='B1'!F12 -> 2025-26 | G12: CG | I12: ='B1'!I12 -> 2026-27 | J12: CG
B14: Annual flooding summary
A15: B3.1 | B15: Number of properties connected to sewerage system | C15: nr | D15: BF - A1.20 | F15: 2705674 | G15: B3 | I15: 2727044 | J15: B3
B17: Annual flooding - overloaded sewers
A18: B3.2 | B18: Number of properties flooded in the year | C18: nr | D18: I | F18: 49 | G18: A3 | I18: 77 | J18: C4
A19: B3.3 | B19: Number of flooding incidents in the year | C19: nr | D19: I | F19: 29 | G19: A3 | I19: 40 | J19: C4
A20: B3.4 | B20: Number of flooding incidents attributed to severe weather | C20: nr | D20: I | F20: 10 | G20: A3 | I20: 16 | J20: C4
A21: B3.4a | B21: Number of properties flooded during the year due to severe weather | C21: nr | D21: I | F21: 13 | G21: A3 | I21: 31 | J21: C4
A22: B3.5 | B22: Props. where flooding limited to uninhabited cellars only (o/loaded sewers) | C22: nr | D22: I | F22: 7 | G22: A3 | I22: 13 | J22: C4
B24: Annual flooding - other causes
A25: B3.6 | B25: Number of properties flooded in the year | C25: nr | D25: I | F25: 55 | G25: A3 | I25: 67 | J25: C4
A26: B3.7 | B26: Number of properties flooded in the year (all sewers) | C26: nr | D26: I | F26: 254 | G26: A3 | I26: 300 | J26: C4
A27: B3.8 | B27: Properties which have flooded more than once in the last ten years (other causes) | C27: nr | D27: I | F27: 257 | G27: B4 | I27: 222 | J27: C4
A28: B3.9 | B28: Flooding incidents due to equipment failure | C28: nr | D28: I | F28: 3 | G28: A3 | I28: 5 | J28: C4
A29: B3.9a | B29: Number of properties flooded during the year due to equipment failure | C29: nr | D29: I | F29: 5 | G29: A3 | I29: 5 | J29: C4
A30: B3.10 | B30: Flooding incidents due to blockages | C30: nr | D30: I | F30: 37 | G30: A3 | I30: 49 | J30: C4
A31: B3.10a | B31: Number of properties flooded during the year due to blockages | C31: nr | D31: I | F31: 41 | G31: A3 | I31: 56 | J31: C4
A32: B3.11 | B32: Flooding incidents due to sewer collapses | C32: nr | D32: I | F32: 9 | G32: A3 | I32: 6 | J32: C4
A33: B3.11a | B33: Number of properties flooded during the year due to sewer collapses | C33: nr | D33: I | F33: 9 | G33: A3 | I33: 6 | J33: C4
A34: B3.12 | B34: Props. where flooding limited to uninhabited cellars only (other causes) | C34: nr | D34: I | F34: 19 | G34: A3 | I34: 19 | J34: C4
A35: B3.13 | B35: Number of flooding incidents in the year | C35: nr | D35: I | F35: 49 | G35: A3 | I35: 59 | J35: C4
B37: Properties on the "at risk" register
B38: (i) At risk summary
A39: B3.14 | B39: 2 in 10 at end of year | C39: nr | D39: I | F39: 180 | G39: B2 | I39: 192 | J39: C4
A40: B3.15 | B40: 1 in 10 at end of year | C40: nr | D40: I | F40: 142 | G40: B2 | I40: 144 | J40: C4
A41: B3.16 | B41: Total 1 in 10 and 2 in 10 properties at risk at end of year | C41: nr | D41: C | F41: =+F39+F40 -> 322 | G41: B2 | I41: =+I39+I40 -> 336 | J41: C4
A42: B3.17 | B42: 1 in 20 risk at end of year | C42: nr | D42: I | F42: 274 | G42: B2 | I42: 295 | J42: C4
B43: (ii) Problem status of properties on the register
A44: B3.18 | B44: Solved but temporary or being tested | C44: nr | D44: I | F44: 257 | G44: B2 | I44: 252 | J44: C4
A45: B3.19 | B45: Number of properties on the at risk register still to be resolved | C45: nr | D45: C | F45: =F41-F44 -> 65 | G45: B2 | I45: =I41-I44 -> 84 | J45: C4
B46: (iii) Annual changes to register
A47: B3.20 | B47: Removed by Scottish Water action | C47: nr | D47: I | F47: 12 | G47: B2 | I47: 16 | J47: C4
A48: B3.21 | B48: Removed because of better information | C48: nr | D48: I | F48: 1 | G48: B2 | I48: 2 | J48: C4
A49: B3.22 | B49: Added because of better information | C49: nr | D49: I | F49: 21 | G49: B2 | I49: 32 | J49: C4
B51: Risk of sewer flooding in a storm
A52: B3.23 | B52: Percentage of population at risk of sewer flooding in a 1-in-50 year storm, based on modelled predictions | C52: % | D52: I | F52: 4 | G52: B4 | I52: 4 | J52: B4
A56: Prepared by: ……………………………………………...….. | C56: Date:
A58: Checked by: ……………………………………………...….. | C58: Date:
A60: Authorised by: | C60: Date:08/06/2026

Sheet B3a
A1: SCOTTISH WATER
A3: ANNUAL RETURN INFORMATION REQUIREMENTS 2026
A6: SECTION B : OUTPUTS TO CUSTOMERS
A7: Table B3a: Sewage - external flooding
A10: Line | B10: Description | C10: Units | D10: Field | F10: Report year | I10: Report year +1 (forecast)
A11: ref. | D11: type
F12: ='B1'!F12 -> 2025-26 | G12: CG | I12: ='B1'!I12 -> 2026-27 | J12: CG
B14: Annual flooding summary
B15: (I) Overloaded sewers
A16: B3a.1 | B16: Areas flooded externally in the year (overloaded sewers) | C16: nr | D16: I | F16: 101 | G16: A4 | I16: 175 | J16: C4
A17: B3a.2 | B17: Curtilage flooding incidents in the year (overloaded sewers) | C17: nr | D17: I | F17: 36 | G17: A4 | I17: 72 | J17: C4
A18: B3a.3 | B18: Highway flooding incidents (overloaded sewers) | C18: nr | D18: I | F18: 50 | G18: A4 | I18: 72 | J18: C4
A19: B3a.4 | B19: Other flooding incidents (overloaded sewers) | C19: nr | D19: I | F19: 12 | G19: A4 | I19: 17 | J19: C4
A20: B3a.5 | B20: Total flooding incidents (overloaded sewers) | C20: nr | D20: C | F20: =SUM(F17:F19) -> 98 | G20: A4 | I20: =SUM(I17:I19) -> 161 | J20: C4
A21: B3a.6 | B21: External flooding incidents (overloaded sewers attributed to severe weather) | C21: nr | D21: I | F21: 0 | G21: N | I21: 0 | J21: N
B22: (ii) Other causes
A23: B3a.7 | B23: Areas flooded externally in the year (other causes) | C23: nr | D23: I | F23: 1413 | G23: A4 | I23: 1721 | J23: C4
A24: B3a.8 | B24: Flooding incidents (other causes - equipment failure) | C24: nr | D24: I | F24: 8 | G24: A4 | I24: 14 | J24: C4
A25: B3a.9 | B25: Flooding incidents (other causes - blockages) | C25: nr | D25: I | F25: 928 | G25: A4 | I25: 1046 | J25: C4
A26: B3a.10 | B26: Flooding incidents (other causes - collapses) | C26: nr | D26: I | F26: 30 | G26: A4 | I26: 35 | J26: C4
B28: Areas on the 1:10, 2:10, 1:20 "at risk" register
B29: (I) At risk summary
A30: B3a.11 | B30: 2 in 10 risk at end of year | C30: nr | D30: I | F30: 1942 | G30: B4 | I30: 1931 | J30: C4
A31: B3a.12 | B31: 1 in 10 risk at end of year | C31: nr | D31: I | F31: 1045 | G31: B4 | I31: 1127 | J31: C4
A32: B3a.13 | B32: 1 in 20 risk at end of year | C32: nr | D32: I | F32: 157 | G32: B4 | I32: 161 | J32: C4
A33: B3a.14 | B33: Total at risk on the 1:10, 2:10, 1:20 register at end of year | C33: nr | D33: C | F33: =SUM(F30:F32) -> 3144 | G33: B4 | I33: =SUM(I30:I32) -> 3219 | J33: C4
B34: (ii) Problem status of external areas on the 1:10, 2:10, 1:20 register
A35: B3a.15 | B35: Problems solved by temporary measures or subject to testing | C35: nr | D35: I | F35: 342 | G35: B4 | I35: 354 | J35: C4
A36: B3a.16 | B36: Problems awaiting solution | C36: nr | D36: I | F36: 2802 | G36: B4 | I36: 2865 | J36: C4
B37: (iii) Annual changes to 1:10, 2:10, 1:20 register
A38: B3a.17 | B38: Removed by Scottish Water action | C38: nr | D38: I | F38: 4 | G38: B4 | I38: 8 | J38: C4
A39: B3a.18 | B39: Removed because of better information | C39: nr | D39: I | F39: 9 | G39: B4 | I39: 67 | J39: C4
A40: B3a.19 | B40: Added because of better information | C40: nr | D40: I | F40: 71 | G40: B4 | I40: 150 | J40: C4
A41: B3a.20 | B41: Added because of increased demand | C41: nr | D41: I | F41: 0 | G41: N | I41: 0 | J41: N
A42: B3a.21 | B42: Moved from external to internal register | C42: nr | D42: I | F42: 3 | G42: B4 | I42: 4 | J42: C4
A46: Prepared by: ……………………………………………...….. | C46: Date:
A48: Checked by: ……………………………………………...….. | C48: Date:
A50: Authorised by: | C50: Date:08/06/2026

Sheet B4
A1: SCOTTISH WATER
A3: ANNUAL RETURN INFORMATION REQUIREMENTS 2026
A6: SECTION B : OUTPUTS TO CUSTOMERS
A7: Table B4: Customer service
A10: Line | B10: Description | C10: Units | D10: Field | F10: Report year | I10: Report year +1 (forecast)
A11: ref. | D11: type
F12: ='B1'!F12 -> 2025-26 | G12: CG | I12: ='B1'!I12 -> 2026-27 | J12: CG
B15: New written complaints
A16: B4.1 | B16: Formal complaints (number of written complaints received) | C16: nr | D16: C | F16: ='B5'!F21+'B6'!J20+'B6'!J52 -> 580 | G16: A1 | I16: ='B5'!I21+'B6'!M20+'B6'!M52 -> 572 | J16: D5
A17: B4.2 | B17: Regulator upheld complaints | C17: nr | D17: C | F17: ='B5'!F22+'B6'!J39+'B6'!J53 -> 0 | G17: A1 | I17: ='B5'!I22+'B6'!M39+'B6'!M53 -> 0 | J17: D5
A18: B4.3 | B18: No. dealt with within 5 working days | C18: nr | D18: I | F18: 575 | G18: A2 | I18: 572 | J18: D5
B20: Telephone contacts
A21: B4.4 | B21: Total calls received on customer contact lines | C21: nr | D21: I | F21: =F27+F22 -> 280878 | G21: A1 | I21: =I27+I22 -> 290863 | J21: D5
A22: B4.5 | B22: Total calls answered on customer contact lines | C22: nr | D22: I | F22: =F23+F24 -> 278540 | G22: A1 | I22: =I23+I24 -> 283322 | J22: D5
A23: B4.6 | B23: Total calls answered within 30 seconds on customer contact lines | C23: nr | D23: I | F23: 195389 | G23: A1 | I23: 236059 | J23: D5
A24: B4.7 | B24: Total calls answered in more than 30 seconds on customer contact lines | C24: nr | D24: I | F24: 83151 | G24: A1 | I24: 47263 | J24: D5
A25: B4.8 | B25: Average time taken to answer a call on customer contact lines | C25: secs | D25: I | F25: 20 | G25: A1 | I25: 34 | J25: D5
A26: B4.9 | B26: All lines busy | C26: nr | D26: I | F26: 0 | G26: A1 | I26: 165 | J26: D5
A27: B4.10 | B27: Total of abandoned calls on customer contact lines | C27: nr | D27: I | F27: 2338 | G27: A1 | I27: 7541 | J27: D5
A28: B4.11 | B28: Total telephone complaints | C28: nr | D28: I | F28: 97169 | G28: A1 | I28: 97894 | J28: D5
A32: Prepared by: ……………………………………………...….. | C32: Date:
A34: Checked by: ……………………………………………...….. | C34: Date:
A36: Authorised by: | C36: Date: | D36: 46196

Sheet B5
A1: SCOTTISH WATER
A3: ANNUAL RETURN INFORMATION REQUIREMENTS 2026
A6: SECTION B : OUTPUTS TO CUSTOMERS
A7: Table B5: Household customer service
A10: Line | B10: Description | C10: Units | D10: Field | F10: Report year | I10: Report year +1 (forecast)
A11: ref. | D11: type
F12: ='B1'!F12 -> 2025-26 | G12: CG | I12: ='B1'!I12 -> 2026-27 | J12: CG
B14: Household CEM
A15: B5.1 | B15: hCEM overall score | C15: nr | D15: BF B5.32 | F15: =ROUNDDOWN(F57,2) -> 87.52 | G15: B3 | I15: =ROUNDDOWN(I57,2) -> 87.5 | J15: D5
A16: B5.2 | B16: Customer experience survey | C16: % | D16: C | F16: =F49/F48 -> 0.93645551 | G16: B2 | I16: =I49/I48 -> 0.94100658 | J16: D5
A17: B5.3 | B17: No experience no contact | C17: % | D17: C | F17: =F51/F50 -> 0.91490589 | G17: A2 | I17: =I51/I50 -> 0.9125 | J17: D5
A18: B5.4 | B18: Experience no contact | C18: % | D18: C | F18: =F53/F52 -> 0.75226434 | G18: A2 | I18: =I53/I52 -> 0.7475 | J18: D5
A19: B5.5 | B19: Escalations | C19: nr | D19: I | F19: 397 | G19: A1 | I19: 400 | J19: D5
A20: B5.6 | B20: Service issue contacts | C20: nr | D20: BF B5.24 | F20: =F45 -> 275806 | G20: A3 | I20: =I45 -> 278000 | J20: D5
A21: B5.7 | B21: Formal complaints | C21: nr | D21: I | F21: 432 | G21: A1 | I21: 425 | J21: D5
A22: B5.8 | B22: Regulatory upheld complaints | C22: nr | D22: I | F22: 0 | G22: A1 | I22: 0 | J22: D5
B24: Customer satisfaction survey
A25: B5.9 | B25: Rating of satisfaction with the overall manner in which the call was handled. Year average | C25: nr | D25: I | F25: - | G25: N | I25: - | J25: N
B27: Assessed customer service
A28: B5.10 | B28: Revenue and debt collection | C28: nr | D28: I
A29: B5.11 | B29: Information to customers | C29: nr | D29: I
A30: B5.12 | B30: Telephone contact hours | C30: nr | D30: I
A31: B5.13 | B31: Compensation policy | C31: nr | D31: I
A32: B5.14 | B32: Supply pipe repair policy | C32: nr | D32: I
A33: B5.15 | B33: Service for disabled and elderly customers | C33: nr | D33: I
A34: B5.16 | B34: Complaints handling | C34: nr | D34: I
B36: Service issue contacts - household customers
A37: B5.17 | B37: Phone contacts | C37: nr | D37: I | F37: 277884 | G37: A1 | I37: 275007 | J37: D5
A38: B5.18 | B38: E-mail contacts | C38: nr | D38: I | F38: 12581 | G38: A1 | I38: 12464 | J38: D5
A39: B5.19 | B39: Social media contacts | C39: nr | D39: I | F39: 7177 | G39: A3 | I39: 8568 | J39: D5
A40: B5.19a | B40: Facebook contacts | C40: nr | D40: I | F40: 27364 | G40: A3 | I40: 29764 | J40: D5
A41: B5.20 | B41: Portal | C41: nr | D41: I | F41: 49870 | G41: A1 | I41: 45412 | J41: D5
A42: B5.21 | B42: Total contacts | C42: nr | D42: C | F42: =SUM(F37:F39,F41) -> 347512 | G42: A3 | I42: =SUM(I37:I39,I41) -> 341451 | J42: D5
A43: B5.22 | B43: Wanted contact | C43: nr | D43: I | F43: 49153 | G43: A3 | I43: 43311 | J43: D5
A44: B5.23 | B44: Non household contacts | C44: nr | D44: I | F44: 22553 | G44: A3 | I44: 20140 | J44: D5
A45: B5.24 | B45: Total service issue contacts (total 'unwanted' HH contacts) | C45: nr | D45: C | F45: =F42-F43-F44 -> 275806 | G45: A3 | I45: =I42-I43-I44 -> 278000 | J45: D5
B47: Household customer experience
A48: B5.25 | B48: Customer experience survey - total | C48: nr | D48: I | F48: 15139 | G48: B2 | I48: 16273 | J48: D5
A49: B5.26 | B49: Customer experience survey - satisfied | C49: nr | D49: I | F49: 14177 | G49: B2 | I49: 15313 | J49: D5
A50: B5.27 | B50: No experience, no contact survey - total | C50: nr | D50: I | F50: 4408.7543 | G50: A2 | I50: 4338.9549 | J50: D5
A51: B5.28 | B51: No experience, no contact survey - satisfied | C51: nr | D51: I | F51: 4033.5953 | G51: A2 | I51: 3959.2963 | J51: D5
A52: B5.29 | B52: Experience, no contact survey - total | C52: nr | D52: I | F52: 1089.8369 | G52: A2 | I52: 1181.4597 | J52: D5
A53: B5.30 | B53: Experience, no contact survey - satisfied | C53: nr | D53: I | F53: 819.84542 | G53: A2 | I53: 883.14109 | J53: D5
B55: Household customer experience measure
A56: B5.31 | B56: Household customer experience target | C56: nr | D56: I | F56: 86.00-89.00 | G56: A1 | I56: 86.00-89.00 | J56: D5
A57: B5.32 | B57: Household customer experience - total score | C57: nr | D57: C | F57: =ROUNDDOWN((F59+F64),2) -> 87.52 | G57: B3 | I57: =ROUNDDOWN((I59+I64),2) -> 87.5 | J57: D5
A58: B5.33 | B58: Total connected properties at year end | C58: nr | D58: I | F58: 2684422 | G58: A1 | I58: 2668004 | J58: D5
A59: B5.34 | B59: hCEM quantitative score | C59: nr | D59: C | F59: =(1-((((F20*0.5)+(F19*50)+(F21*100)+(F22*1000))/(F$58/1000))-0)/(600-0))*(50) -> 43.761755 | G59: A3 | I59: =(1-((((I20*0.5)+(I19*50)+(I21*100)+(I22*1000))/(I$58/1000))-0)/(600-0))*(50) -> 43.706281 | J59: D5
A60: B5.35 | B60: Service issue contacts (points lost) | C60: nr | D60: I | F60: 4.28 | G60: A3 | I60: 4.34 | J60: D5
A61: B5.36 | B61: Escalations (points lost) | C61: nr | D61: I | F61: 0.62 | G61: A1 | I61: 0.62 | J61: D5
A62: B5.37 | B62: Written complaints (points lost) | C62: nr | D62: I | F62: 1.34 | G62: A1 | I62: 1.33 | J62: D5
A63: B5.38 | B63: Regulator upheld complaints contact score | C63: nr | D63: I | F63: 0 | G63: A1 | I63: 0 | J63: D5
A64: B5.39 | B64: hCEM qualitative score | C64: nr | D64: C | F64: =((((F49/F48*7)-1)/(7-1))*25)+((((F51/F50*7)-1)/(7-1))*15)+((((F53/F52*7)-1)/(7-1))*10) -> 43.767223 | G64: B2 | I64: =((((I49/I48*7)-1)/(7-1))*25)+((((I51/I50*7)-1)/(7-1))*15)+((((I53/I52*7)-1)/(7-1))*10) -> 43.802275 | J64: D5
A65: B5.40 | B65: Customer experience survey (points lost) | C65: nr | D65: I | F65: 1.85 | G65: B2 | I65: 1.72 | J65: D5
A66: B5.41 | B66: No experience, no contact (points lost) | C66: nr | D66: I | F66: 1.49 | G66: A2 | I66: 1.53 | J66: D5
A67: B5.42 | B67: Experience, no contact (points lost) | C67: nr | D67: I | F67: 2.89 | G67: A2 | I67: 2.95 | J67: D5
B69: UK Customer Satisfaction Index
A70: B5.43a | B70: UKCSI national sample - July | C70: nr | D70: I | F70: 77.5 | G70: A2 | I70: - | J70: D5
A71: B5.43b | B71: UKCSI boosted sample - July | C71: nr | D71: I | F71: 77.5 | G71: A2 | I71: - | J71: D5
A72: B5.43c | B72: UKCSI national sample - January | C72: nr | D72: I | F72: 79.2 | G72: A2 | I72: - | J72: D5
A73: B5.43d | B73: UKCSI boosted sample - January | C73: nr | D73: I | F73: 76.9 | G73: A2 | I73: - | J73: D5
A75: Prepared by: ……………………………………………...….. | C75: Date:
A77: Checked by: ……………………………………………...….. | C77: Date:
A79: Authorised by: | C79: Date: | D79: 46196

Sheet B6
A1: SCOTTISH WATER
A3: ANNUAL RETURN INFORMATION REQUIREMENTS 2026
A6: SECTION B : OUTPUTS TO CUSTOMERS
A7: Table B6: Non household customer service
A10: Line | B10: Description | C10: AR22 | D10: Units | E10: Field | G10: Report year -1 | J10: Report year | M10: Report year +1 (forecast)
A11: ref. | C11: ref. | E11: type
G12: 2024-25 | H12: CG | J12: ='B1'!F12 -> 2025-26 | K12: CG | M12: ='B1'!I12 -> 2026-27 | N12: CG
B15: Non household CEM
A16: B6.1 | B16: nhCEM overall score | C16: B6.1 | D16: nr | E16: BF B6.40 | G16: =G63 -> 89.35 | H16: B3 | J16: =J63 -> 87.83 | K16: B3 | M16: =M63 -> 88.5 | N16: D5
A17: B6.2 | B17: LP Experience Survey | C17: B6.2 | D17: % | E17: C | G17: =G41/G40 -> 0.992966 | H17: A2 | J17: =J41/J40 -> 0.98202824 | K17: A2 | M17: =M41/M40 -> 0.98922056 | N17: D5
A18: B6.3 | B18: Business end user | C18: B6.3 | D18: % | E18: C | G18: =G45/G44 -> 0.89619377 | H18: B2 | J18: =J45/J44 -> 0.89480198 | K18: B2 | M18: =M45/M44 -> 0.89567148 | N18: D5
A19: B6.4 | B19: Service issue contacts (WSD & CEC) | C19: B6.4 | D19: nr | E19: BF B6.17 | G19: =G34 -> 30209 | H19: A3 | J19: 31150 | K19: A3 | M19: 30294 | N19: D5
A20: B6.5 | B20: Formal complaints | C20: B6.5 | D20: nr | E20: BF B6.19 | G20: =G38 -> 127 | H20: A1 | J20: 147 | K20: A1 | M20: 145 | N20: D5
A21: B6.6 | B21: Escalations | C21: B6.6 | D21: nr | E21: BF B6.18 | G21: =G37 -> 44 | H21: A1 | J21: 77 | K21: A1 | M21: 73 | N21: D5
A22: B6.7 | B22: Regulatory complaints | C22: B6.7 | D22: nr | E22: BF B6.20 | G22: =G39 -> 0 | H22: A1 | J22: =J39 -> 0 | K22: A1 | M22: =M39 -> 0 | N22: D5
B24: Service Issue Contacts - non-household customers
A25: B6.8 | B25: Contacts from licensed providers via wholesale desk and portal - all calls | C25: B6.8 | D25: nr | E25: I | G25: 2986 | H25: A1 | J25: 2912 | K25: A1 | M25: 3272 | N25: D5
A26: B6.9 | B26: Contacts from licensed providers via wholesale desk and portal - total emails | C26: B6.9 | D26: nr | E26: I | G26: 3198 | H26: A1 | J26: 3562 | K26: A1 | M26: 3784 | N26: D5
A27: B6.10 | B27: Contacts from licensed providers via wholesale desk and portal - total Portal | C27: B6.10 | D27: nr | E27: I | G27: 21719 | H27: A1 | J27: 25016 | K27: A1 | M27: 23587 | N27: D5
A28: B6.11 | B28: Contacts from licensed providers via wholesale desk and portal - Bulk Uploads | C28: B6.11 | D28: nr | E28: I | G28: 293 | H28: A1 | J28: 134 | K28: A1 | M28: 529 | N28: D5
A29: B6.12 | B29: Contacts from licensed providers via wholesale desk and portal - total wanted | C29: B6.12 | D29: nr | E29: I | G29: 14728 | H29: A1 | J29: 17111 | K29: A1 | M29: 16419 | N29: D5
A30: B6.13 | B30: Contacts from licensed providers via wholesale desk and portal - contacts adjusted for permitted exclusions | C30: B6.13 | D30: nr | E30: C | G30: =SUM(G25:G28)-G29 -> 13468 | H30: A1 | J30: =SUM(J25:J28)-J29 -> 14513 | K30: A1 | M30: =SUM(M25:M28)-M29 -> 14753 | N30: D5
A31: B6.14 | B31: Calls received through customer engagement centre from non household customers - all contacts | C31: B6.14 | D31: nr | E31: I | G31: 22351 | H31: A3 | J31: 22553 | K31: A3 | M31: 20140 | N31: D5
A32: B6.15 | B32: Calls received through customer engagement centre from non household customers - wanted contacts | C32: B6.15 | D32: nr | E32: I | G32: 5610 | H32: A3 | J32: 5916 | K32: A3 | M32: 4599 | N32: D5
A33: B6.16 | B33: Calls received through customer engagement centre from non household customers - contacts adjusted for permitted exclusions | C33: B6.16 | D33: nr | E33: C | G33: =G31-G32 -> 16741 | H33: A3 | J33: =J31-J32 -> 16637 | K33: A3 | M33: =M31-M32 -> 15541 | N33: D5
A34: B6.17 | B34: Non-household service issue contacts - total unwanted contacts | C34: B6.17 | D34: nr | E34: C | G34: =G30+G33 -> 30209 | H34: A3 | J34: =J30+J33 -> 31150 | K34: A3 | M34: =M30+M33 -> 30294 | N34: D5
B36: Non-household customer experience
A37: B6.18 | B37: Escalations | C37: B6.18 | D37: nr | E37: I | G37: 44 | H37: A1 | J37: 77 | K37: A1 | M37: 73 | N37: D5
A38: B6.19 | B38: Formal complaints (form G) | C38: B6.19 | D38: nr | E38: I | G38: 127 | H38: A1 | J38: 147 | K38: A1 | M38: 145 | N38: D5
A39: B6.20 | B39: Regulator upheld complaints | C39: B6.20 | D39: nr | E39: I | G39: 0 | H39: A1 | J39: 0 | K39: A1 | M39: 0 | N39: D5
A40: B6.21 | B40: LP experience survey - total | C40: B6.21 | D40: nr | E40: I | G40: 853 | H40: A2 | J40: 779 | K40: A2 | M40: 1206 | N40: D5
A41: B6.22 | B41: LP experience survey - satisfied | C41: B6.22 | D41: nr | E41: I | G41: 847 | H41: A2 | J41: 765 | K41: A2 | M41: 1193 | N41: D5
A42: B6.23 | B42: Ease of service indicator line 1 | C42: B6.23 | D42: nr | E42: I | G42: 853 | H42: A2 | J42: 779 | K42: A2 | M42: 868 | N42: D5
A43: B6.24 | B43: Ease of service indicator line 2 | C43: B6.24 | D43: nr | E43: I | G43: 852 | H43: A2 | J43: 764 | K43: A2 | M43: 852 | N43: D5
A44: B6.25 | B44: Business end-user experience survey - total | C44: B6.25 | D44: nr | E44: I | G44: 867 | H44: B2 | J44: 808 | K44: B2 | M44: 901 | N44: D5
A45: B6.26 | B45: Business end-user experience survey - satisfied | C45: B6.26 | D45: nr | E45: I | G45: 777 | H45: B2 | J45: 723 | K45: B2 | M45: 807 | N45: D5
B47: Developer CEM
A48: B6.27 | B48: Contacts from developers about water and wastewater connections - total | C48: B6.27 | D48: nr | E48: I | G48: 64427 | H48: A1 | J48: 59884 | K48: A1 | M48: 60537 | N48: D5
A49: B6.28 | B49: Contacts from developers about water and wastewater connections - excluded contacts (wanted contacts) | C49: B6.28 | D49: nr | E49: I | G49: 45817 | H49: A1 | J49: 43107 | K49: A1 | M49: 43301 | N49: D5
A50: B6.29 | B50: Contacts from developers about water and wastewater connections - contacts adjusted for permitted exclusions | C50: B6.29 | D50: nr | E50: C | G50: =G48-G49 -> 18610 | H50: A1 | J50: =J48-J49 -> 16777 | K50: A1 | M50: =M48-M49 -> 17236 | N50: D5
A51: B6.30 | B51: Development services escalations | C51: B6.30 | D51: nr | E51: I | G51: 3 | H51: A1 | J51: 3 | K51: A1 | M51: 4 | N51: D5
A52: B6.31 | B52: Development services formal complaints | C52: B6.31 | D52: nr | E52: I | G52: 2 | H52: A1 | J52: 1 | K52: A1 | M52: 2 | N52: D5
A53: B6.32 | B53: Development services regulator upheld complaints | C53: B6.32 | D53: nr | E53: I | G53: 0 | H53: A1 | J53: 0 | K53: A1 | M53: 0 | N53: D5
A54: B6.33 | B54: Single house connection experience survey - total | C54: B6.33 | D54: nr | E54: I | G54: 685 | H54: B2 | J54: 903 | K54: B2 | M54: 903 | N54: D5
A55: B6.34 | B55: Single house connection experience survey - satisfied | C55: B6.34 | D55: nr | E55: I | G55: 634 | H55: B2 | J55: 832 | K55: B2 | M55: 834 | N55: D5
A56: B6.35 | B56: (developer) Ease of service indicator line 1 | C56: B6.35 | D56: nr | E56: I | G56: 1025 | H56: B2 | J56: 1321 | K56: B2 | M56: 1321 | N56: D5
A57: B6.36 | B57: (developer) Ease of service indicator line 2 | C57: B6.36 | D57: nr | E57: I | G57: 851 | H57: B2 | J57: 1142 | K57: B2 | M57: 1143 | N57: D5
A58: B6.37 | B58: Developer/connections experience survey - total | C58: B6.37 | D58: nr | E58: I | G58: 456 | H58: B2 | J58: 488 | K58: B2 | M58: 489 | N58: D5
A59: B6.38 | B59: Developer/connections experience survey - satisfied | C59: B6.38 | D59: nr | E59: I | G59: 339 | H59: B2 | J59: 389 | K59: B2 | M59: 390 | N59: D5
B61: Non-household customer experience measure score
A62: B6.39 | B62: Non-household customer experience target | C62: B6.39 | D62: nr | E62: I | G62: 86.0-90.0 | H62: A1 | J62: 86.0-90.0 | K62: A1 | M62: 86.0-90.0 | N62: D5
A63: B6.40 | B63: Non-household customer experience - total score | C63: B6.40 | D63: nr | E63: C | G63: =ROUNDDOWN(G65+G72,2) -> 89.35 | H63: B3 | J63: =ROUNDDOWN(J65+J72,2) -> 87.83 | K63: B3 | M63: =ROUNDDOWN(M65+M72,2) -> 88.5 | N63: D5
A64: B6.41 | B64: Connected non-household properties | C64: B6.41 | D64: nr | E64: I | G64: 160297 | H64: A2 | J64: 160136 | K64: A2 | M64: 160136 | N64: D5
A65: B6.42 | B65: nhCEM quantitative score | C65: B6.42 | D65: nr | E65: C | G65: =(1-((((G19*0.5)+(G21*50)+(G20*100)+(G22*1000))/(G$64/1000))-0)/(2400-0))*(50) -> 46.100403 | H65: A3 | J65: =(1-((((J19*0.5)+(J21*50)+(J20*100)+(J22*1000))/(J$64/1000))-0)/(2400-0))*(50) -> 45.560414 | K65: A3 | M65: =(1-((((M19*0.5)+(M21*50)+(M20*100)+(M22*1000))/(M$64/1000))-0)/(2400-0))*(50) -> 45.668135 | N65: D5
A66: B6.43 | B66: Service issue contacts contact score | C66: B6.43 | D66: nr | E66: I | G66: 1.96 | H66: A3 | J66: 2.03 | K66: A3 | M66: 1.97 | N66: D5
A67: B6.44 | B67: Escalations from licensed providers contact score | C67: B6.44 | D67: nr | E67: I | G67: 0.29 | H67: A1 | J67: 0.5 | K67: A1 | M67: 0.47 | N67: D5
A68: B6.45 | B68: Formal non-household customer complaints contact score | C68: B6.45 | D68: nr | E68: I | G68: 1.65 | H68: A1 | J68: 1.91 | K68: A1 | M68: 1.89 | N68: D5
A69: B6.46 | B69: Regulator upheld complaints contact score | C69: B6.46 | D69: nr | E69: I | G69: 0 | H69: A1 | J69: 0 | K69: A1 | M69: 0 | N69: D5
A70: B6.47 | B70: LP experience survey 12 month score weighted | D70: nr | E70: I | G70: 6.88 | H70: A2 | J70: 6.744654 | K70: A2 | M70: 6.83198 | N70: D5
A71: B6.48 | B71: Business end-user experience 12 month score weighted | D71: nr | E71: I | G71: 5.5 | H71: B2 | J71: 5.400202 | K71: B2 | M71: 5.4495 | N71: D5
A72: B6.49 | B72: nhCEM qualitative score | C72: B6.47 | D72: nr | E72: C | G72: =IF(ISBLANK(G70),"",(G70-1)/(7-1)*25+(G71-1)/(7-1)*25) -> 43.25 | H72: B2 | J72: =IF(ISBLANK(J70),"",(J70-1)/(7-1)*25+(J71-1)/(7-1)*25) -> 42.270233 | K72: B2 | M72: =IF(ISBLANK(M70),"",(M70-1)/(7-1)*25+(M71-1)/(7-1)*25) -> 42.8395 | N72: D5
A73: B6.50 | B73: LP experience survey score (points lost) | C73: B6.48 | D73: nr | E73: I | G73: 0.49 | H73: A2 | J73: 1.06 | K73: A2 | M73: 0.7 | N73: D5
A74: B6.51 | B74: Business end-user experience (points lost) | C74: B6.50 | D74: nr | E74: I | G74: 6.25 | H74: B2 | J74: 6.67 | K74: B2 | M74: 6.46 | N74: D5
B76: Developer customer experience measure score
A77: B6.52 | B77: Developer customer experience target | C77: B6.51 | D77: nr | E77: I | G77: 78.3-80.5 | H77: A1 | J77: 79.91-82.91 | K77: A1 | M77: 82.5-86.5 | N77: D5
A78: B6.53 | B78: Developer customer experience - total score | C78: B6.52 | D78: nr | E78: C | G78: =(G80+G85) -> 82.913652 | H78: B2 | J78: =ROUNDDOWN((J80+J85),2) -> 84.79 | K78: B2 | M78: =ROUNDDOWN((M80+M85),2) -> 84.52 | N78: D5
A79: B6.54 | B79: Developer connected properties | C79: B6.53 | D79: nr | E79: I | G79: 16719 | H79: B2 | J79: 15453 | K79: B2 | M79: 15453 | N79: D5
A80: B6.55 | B80: Developer CEM quantitative score | C80: B6.54 | D80: nr | E80: C | G80: =(1-((((G50*0.5)+(G51*50)+(G52*100)+(G53*1000))/(G$79/1000))-0)/(3600-0))*(50) -> 41.979352 | H80: A1 | J80: =(1-((((J50*0.5)+(J51*50)+(J52*100)+(J53*1000))/(J$79/1000))-0)/(3600-0))*(50) -> 42.235866 | K80: A1 | M80: =(1-((((M50*0.5)+(M51*50)+(M52*100)+(M53*1000))/(M$79/1000))-0)/(3600-0))*(50) -> 41.894778 | N80: D5
A81: B6.56 | B81: Development services service issue contacts (points lost) | C81: B6.55 | D81: nr | E81: I | G81: 7.73 | H81: B2 | J81: 7.54 | K81: B2 | M81: 7.75 | N81: D5
A82: B6.57 | B82: Development services escalations (points lost) | C82: B6.56 | D82: nr | E82: I | G82: 0.12 | H82: B2 | J82: 0.13 | K82: B2 | M82: 0.18 | N82: D5
A83: B6.58 | B83: Development services formal complaints (points lost) | C83: B6.57 | D83: nr | E83: I | G83: 0.17 | H83: B2 | J83: 0.09 | K83: B2 | M83: 0.18 | N83: D5
A84: B6.59 | B84: Development services regulator upheld complaints (points lost) | C84: B6.58 | D84: nr | E84: I | G84: 0 | H84: B2 | J84: 0 | K84: B2 | M84: 0 | N84: D5
A85: B6.60 | B85: Developer CEM qualitative score | C85: B6.59 | D85: nr | E85: I | G85: 40.9343 | H85: B2 | J85: 42.56 | K85: B2 | M85: 42.63 | N85: D5
A86: B6.61 | B86: Single house connection experience survey (points lost) | C86: B6.60 | D86: nr | E86: I | G86: - | H86: N | J86: - | K86: N | M86: - | N86: N
A87: B6.62 | B87: Ease of service indicator (points lost) | C87: B6.61 | D87: nr | E87: I | G87: 4.83 | H87: B2 | J87: 3.95534 | K87: B2 | M87: 3.91535 | N87: D5
A88: B6.63 | B88: Development experience survey (points lost) | C88: B6.62 | D88: nr | E88: I | G88: 4.23 | H88: B2 | J88: 3.4867 | K88: B2 | M88: 3.45726 | N88: D5
B90: Retailer Experience Measure
A91: B6.64 | B91: Retailer Measure of Experience survey - August | D91: nr | E91: I | G91: 9 | H91: A2 | J91: 8.81 | K91: A2 | M91: - | N91: N
A92: B6.65 | B92: Retailer Measure of Experience survey - February | D92: nr | E92: I | G92: 9 | H92: A2 | J92: 8.6 | K92: A2 | M92: - | N92: N
A94: Prepared by: ……………………………………………...….. | C94: Date:
A96: Checked by: ……………………………………………...….. | C96: Date:
A98: Authorised by: | C98: Date: | D98: 46196

Sheet B6A
A1: SCOTTISH WATER
A3: ANNUAL RETURN INFORMATION REQUIREMENTS 2026
A6: SECTION B : OUTPUTS TO CUSTOMERS
A7: Table B6A: Customer service: stakeholders and community
A10: Line | B10: Description | C10: Units | D10: Field | F10: Report year | I10: Report year +1 (forecast)
A11: ref. | D11: type
F12: ='B1'!F12 -> 2025-26 | G12: CG | I12: ='B1'!I12 -> 2026-27 | J12: CG
B14: Stakeholder and communities customer experience measure (CEM)
A15: B6A.1 | B15: sCEM overall score | C15: nr | D15: BF B6A.12 | F15: =F28 -> 76.58 | G15: B2 | I15: =I28 -> 78.82 | J15: D5
A16: B6A.2 | B16: Stakeholder contacts Received | C16: nr | D16: I | F16: 1346 | G16: A1 | I16: 1312 | J16: D5
A17: B6A.3 | B17: Stakeholder enquiries not responded to / deadline not met | C17: nr | D17: I | F17: 4 | G17: A1 | I17: 0 | J17: D5
A18: B6A.4 | B18: Stakeholder escalated / formal complaints | C18: nr | D18: I | F18: 0 | G18: A1 | I18: 0 | J18: D5
A19: B6A.5 | B19: Scottish Government/ regulator upheld stakeholder complaints | C19: nr | D19: I | F19: 0 | G19: A1 | I19: 0 | J19: D5
A20: B6A.6 | B20: Monthly perception survey - contact | C20: % | D20: I | F20: 0.7037 | G20: B2 | I20: 0.8 | J20: D5
A21: B6A.7 | B21: Monthly perception survey - no contact | C21: % | D21: I | F21: 0.7447 | G21: B2 | I21: 0.8594 | J21: D5
A22: B6A.8 | B22: Monthly customer perception survey - no experience no contact (hCEM) | C22: % | D22: BF B5.3 | F22: ='B5'!F17 -> 0.91490589 | G22: B2 | I22: ='B5'!I17 -> 0.9125 | J22: D5
A23: B6A.9 | B23: MSP survey (annual perception survey) | C23: % | D23: I | F23: 0.65 | G23: B2 | I23: 0.65 | J23: D5
A24: B6A.10 | B24: Local government leadership survey (annual perception survey) | C24: % | D24: I | F24: 0.38 | G24: B2 | I24: 0.45 | J24: D5
B26: Stakeholder customer experience measure score
A27: B6A.11 | B27: Stakeholder customer experience target | C27: nr | D27: I | F27: 76.5-83.5 | G27: A1 | I27: 76.5-83.5 | J27: D5
A28: B6A.12 | B28: Stakeholder customer experience - total score | C28: nr | D28: C | F28: =ROUNDDOWN(F34+F29,2) -> 76.58 | G28: B2 | I28: =ROUNDDOWN(I34+I29,2) -> 78.82 | J28: D5
A29: B6A.13 | B29: Stakeholder CEM quantitative score | C29: nr | D29: I | F29: 40.95 | G29: A1 | I29: 41.22 | J29: D5
A30: B6A.14 | B30: Stakeholder contacts received (points lost) | C30: nr | D30: I | F30: 9.01 | G30: A1 | I30: 8.78 | J30: D5
A31: B6A.15 | B31: Stakeholder contacts not responded to/deadline not met (points lost) | C31: nr | D31: I | F31: 0.04 | G31: A1 | I31: 0 | J31: D5
A32: B6A.16 | B32: Stakeholder escalated/formal complaints (points lost) | C32: nr | D32: I | F32: 0 | G32: A1 | I32: 0 | J32: D5
A33: B6A.17 | B33: Regulator upheld stakeholder complaints (points lost) | C33: nr | D33: I | F33: 0 | G33: A1 | I33: 0 | J33: D5
A34: B6A.18 | B34: Stakeholder CEM qualitative score | C34: nr | D34: I | F34: 35.63 | G34: B2 | I34: 37.6 | J34: D5
A35: B6A.19 | B35: Monthly perception survey - 'contact' (points lost) | C35: nr | D35: I | F35: 3.22 | G35: B2 | I35: 2.51 | J35: D5
A36: B6A.20 | B36: Monthly perception survey - 'no contact' (points lost) | C36: nr | D36: I | F36: 3.76 | G36: B2 | I36: 2.85 | J36: D5
A37: B6A.21 | B37: Monthly You Gov survey - 'no experience, no contact' household customers (points lost) | C37: nr | D37: I | F37: 1.73 | G37: B2 | I37: 1.79 | J37: D5
A38: B6A.22 | B38: MSP annual perception survey (points lost) | C38: nr | D38: I | F38: 2.04 | G38: B2 | I38: 2.04 | J38: D5
A39: B6A.23 | B39: Local government leadership annual perception survey (points lost) | C39: nr | D39: I | F39: 3.62 | G39: B2 | I39: 3.21 | J39: D5
A43: Prepared by: ……………………………………………...….. | C43: Date:
A45: Checked by: ……………………………………………...….. | C45: Date:
A47: Authorised by: | C47: Date: 09/06/2026

Sheet B7
A1: SCOTTISH WATER
A3: ANNUAL RETURN INFORMATION REQUIREMENTS 2026
A6: SECTION B : OUTPUTS TO CUSTOMERS
A7: Table B7: Customer care - Service Standards performance
A10: Line | B10: Description | C10: Units | D10: Field | F10: Report year -1 | I10: Report year
A11: ref. | D11: type
F12: 2024-25 | G12: CG | I12: ='B1'!F12 -> 2025-26 | J12: CG
B14: Planned Interruptions - warn you 48 hours in advance, supply restored within time given - payment if we fail to warn or your supply is not restored at the time we have given
A15: B7.1 | B15: Number of Service Standards failure payments paid automatically (planned interruptions) | C15: nr | D15: I | F15: 0 | G15: AX | I15: 0 | J15: AX
A16: B7.2 | B16: Number of Service Standards failure payments claimed (planned interruptions) | C16: nr | D16: I | F16: 5 | G16: A1 | I16: 3 | J16: A1
A17: B7.3 | B17: Total number of Service Standards failure payments made (planned interruptions ) | C17: nr | D17: C | F17: =SUM(F15:F16) -> 5 | G17: A1 | I17: =SUM(I15:I16) -> 3 | J17: A1
A18: B7.4 | B18: Total amount paid out for Service Standards failure (planned interruptions) | C18: £ | D18: I | F18: 190 | G18: A1 | I18: 90 | J18: A1
B20: Unplanned Interruptions - (burst main and so on) restore within 12 hours (48 hours for a large main supplying a large area)
A21: B7.5 | B21: Number of Service Standards failure payments paid automatically (unplanned interruptions) | C21: nr | D21: I | F21: 0 | G21: AX | I21: 0 | J21: AX
A22: B7.6 | B22: Number of Service Standards failure payments claimed (unplanned interruptions) | C22: nr | D22: I | F22: 1503 | G22: A1 | I22: 209 | J22: A1
A23: B7.7 | B23: Number of Service Standards failure payments claimed for two interruptions per year | C23: nr | D23: I | F23: 0 | G23: N | I23: 0 | J23: N
A24: B7.8 | B24: Number of Service Standards failure payments claimed for three interruptions per year | C24: nr | D24: I | F24: 0 | G24: N | I24: 0 | J24: N
A25: B7.9 | B25: Number of Service Standards failure payments claimed for four interruptions per year | C25: nr | D25: I | F25: 0 | G25: N | I25: 0 | J25: N
A26: B7.10 | B26: Number of Service Standards failure payments claimed for five interruptions per year | C26: nr | D26: I | F26: 0 | G26: N | I26: 0 | J26: N
A27: B7.11 | B27: Total number of Service Standards failure payments made (unplanned interruptions ) | C27: nr | D27: C | F27: =SUM(F21:F26) -> 1503 | G27: A1 | I27: =SUM(I21:I26) -> 209 | J27: A1
A28: B7.12 | B28: Total amount paid out for Service Standards failure (unplanned interruptions) | C28: £ | D28: I | F28: 115756.99 | G28: A1 | I28: 37215.86 | J28: A1
B30: Internal wastewater flooding - caused by wastewater from our sewers
A31: B7.13 | B31: Number of payments to domestic properties for internal flooding from sewers due to being on the register | C31: nr | D31: I | F31: 185 | G31: A1 | I31: 152 | J31: A1
A32: B7.14 | B32: Number of payments to domestic properties for internal flooding from sewers due to not being on the register | C32: nr | D32: I | F32: 136 | G32: A1 | I32: 84 | J32: A1
A33: B7.15 | B33: Total amount paid to domestic properties for internal flooding from sewers due to being on the register | C33: £ | D33: I | F33: 63618.04 | G33: A1 | I33: 58228.07 | J33: A1
A34: B7.16 | B34: Total amount paid to domestic properties for internal flooding from sewers due to not being on the register | C34: £ | D34: I | F34: 42826.01 | G34: A1 | I34: 29495 | J34: A1
A35: B7.17 | B35: Number of payments to non domestic properties for internal flooding from sewers due to being on the register | C35: nr | D35: I | F35: 0 | G35: N | I35: 0 | J35: N
A36: B7.18 | B36: Number of payments to non domestic properties for internal flooding from sewers due to not being on the register | C36: nr | D36: I | F36: 86 | G36: A1 | I36: 79 | J36: A1
A37: B7.19 | B37: Total amount paid to non domestic properties for internal flooding from sewers due to being on the register | C37: £ | D37: I | F37: 0 | G37: N | I37: 0 | J37: N
A38: B7.20 | B38: Total amount paid to non domestic properties for internal flooding from sewers due to not being on the register | C38: £ | D38: I | F38: 51039.69 | G38: A1 | I38: 53331.32 | J38: A1
B40: External wastewater flooding - caused by wastewater from our sewers
A41: B7.21 | B41: Number of payments to domestic properties for external flooding from sewers | C41: nr | D41: I | F41: 7 | G41: A1 | I41: 7 | J41: A1
A42: B7.22 | B42: Total amount paid to domestic properties for external flooding from sewers | C42: £ | D42: I | F42: 1574.23 | G42: A1 | I42: 1558.63 | J42: A1
A43: B7.23 | B43: Number of payments to non-domestic properties for external flooding from sewers | C43: nr | D43: I | F43: 0 | G43: N | I43: 0 | J43: N
A44: B7.24 | B44: Total amount paid to non-domestic properties for external flooding from sewers | C44: £ | D44: I | F44: 0 | G44: N | I44: 0 | J44: N
B46: Respond to questions about your bill and changing your payment methods - respond within 5 working days
A47: B7.25 | B47: Number not dealt with within Service Standards period | C47: nr | D47: I | F47: 0 | G47: AX | I47: 0 | J47: AX
A48: B7.26 | B48: Number of payments for failure to respond (automatic) | C48: nr | D48: I | F48: 0 | G48: AX | I48: 0 | J48: AX
A49: B7.27 | B49: Number of payments made from claims for failure to respond | C49: nr | D49: I | F49: 0 | G49: AX | I49: 0 | J49: AX
A50: B7.28 | B50: Total number of payments for failure to respond | C50: nr | D50: C | F50: =SUM(F48:F49) -> 0 | G50: AX | I50: =SUM(I48:I49) -> 0 | J50: AX
A51: B7.29 | B51: Total amount paid for Service Standards failure | C51: £ | D51: I | F51: 0 | G51: AX | I51: 0 | J51: AX
B53: Written response to a formal complaint - respond within 5 working days
A54: B7.30 | B54: Number not dealt with within Service Standards period | C54: nr | D54: I | F54: 0 | G54: AX | I54: 0 | J54: AX
A55: B7.31 | B55: Number of payments for failure to respond (automatic) | C55: nr | D55: I | F55: 0 | G55: AX | I55: 0 | J55: AX
A56: B7.32 | B56: Number of payments made from claims for failure to respond | C56: nr | D56: I | F56: 0 | G56: AX | I56: 0 | J56: AX
A57: B7.33 | B57: Total number of payments for failure to respond | C57: nr | D57: C | F57: =SUM(F55:F56) -> 0 | G57: AX | I57: =SUM(I55:I56) -> 0 | J57: AX
A58: B7.34 | B58: Total amount paid for Service Standards failure | C58: £ | D58: I | F58: 0 | G58: AX | I58: 0 | J58: AX
B60: Appointments - keeping appointments made more than 24 hours in advance
A61: B7.35 | B61: Number of appointments | C61: nr | D61: I | F61: 3904 | G61: A1 | I61: 3229 | J61: A1
A62: B7.36 | B62: % of appointments made which are kept | C62: % | D62: I | F62: 0.9029 | G62: B3 | I62: 0.9275 | J62: B3
A63: B7.37 | B63: Number of two hour time banded appointments made | C63: nr | D63: I | F63: 3902 | G63: A1 | I63: 3229 | J63: A1
A64: B7.38 | B64: % of two hour time banded appointments made which are kept | C64: % | D64: I | F64: 0.9029 | G64: B3 | I64: 0.9275 | J64: B3
A65: B7.39 | B65: Number of Service Standards failure payments paid automatically (keeping appointments) | C65: nr | D65: I | F65: 169 | G65: B3 | I65: 98 | J65: B3
A66: B7.40 | B66: Number of payments made from claims for failure (keeping appointments) | C66: nr | D66: I | F66: 9 | G66: A1 | I66: 7 | J66: A1
A67: B7.41 | B67: Total number of Service Standards failure payments made (keeping appointments) | C67: nr | D67: C | F67: =SUM(F65:F66) -> 178 | G67: B3 | I67: =SUM(I65:I66) -> 105 | J67: B3
A68: B7.42 | B68: Total amount paid out for Service Standards failure (keeping appointments) | C68: £ | D68: I | F68: 5170 | G68: A1 | I68: 2970 | J68: A1
B70: Water in gas pipes - give you a call within 2 hours of reporting the fault to give details of what happens next
A71: B7.43 | B71: Number not dealt with within Service Standards period | C71: nr | D71: I | F71: 0 | G71: AX | I71: 0 | J71: AX
A72: B7.44 | B72: Number of payments for failure to respond (automatic) | C72: nr | D72: I | F72: 0 | G72: AX | I72: 0 | J72: AX
A73: B7.45 | B73: Number of payments made from claims for failure to respond | C73: nr | D73: I | F73: 0 | G73: AX | I73: 0 | J73: AX
A74: B7.46 | B74: Total number of payments for failure to respond | C74: nr | D74: C | F74: =SUM(F72:F73) -> 0 | G74: AX | I74: =SUM(I72:I73) -> 0 | J74: AX
A75: B7.47 | B75: Total amount paid for Service Standards failure | C75: £ | D75: I | F75: 0 | G75: AX | I75: 0 | J75: AX
B77: Water meters - applications. We will let you know the outcome within 10 working days of your application
A78: B7.48 | B78: Number not dealt with within Service Standards period | C78: nr | D78: I | F78: 0 | G78: AX | I78: 0 | J78: AX
A79: B7.49 | B79: Number of payments for failure to respond (automatic) | C79: nr | D79: I | F79: 0 | G79: AX | I79: 0 | J79: AX
A80: B7.50 | B80: Number of payments made from claims for failure to respond | C80: nr | D80: I | F80: 0 | G80: AX | I80: 0 | J80: AX
A81: B7.51 | B81: Total number of payments for failure to respond | C81: nr | D81: C | F81: =SUM(F79:F80) -> 0 | G81: AX | I81: =SUM(I79:I80) -> 0 | J81: AX
A82: B7.52 | B82: Total amount paid for Service Standards failure | C82: £ | D82: I | F82: 0 | G82: AX | I82: 0 | J82: AX
B84: Water pressure - we will tell you the outcome of our investigations within 5 working days
A85: B7.53 | B85: Number of payments made within Service Standards period due to being on the register | C85: nr | D85: I | F85: 29 | G85: A1 | I85: 13 | J85: A1
A86: B7.54 | B86: Number not dealt with within Service Standards period | C86: nr | D86: I | F86: 0 | G86: A1 | I86: 0 | J86: A1
A87: B7.55 | B87: Number of payments for failure to respond (automatic) | C87: nr | D87: I | F87: 2 | G87: A1 | I87: 0 | J87: A1
A88: B7.56 | B88: Number of payments made from claims for failure to respond | C88: nr | D88: I | F88: 0 | G88: A1 | I88: 0 | J88: A1
A89: B7.57 | B89: Total number of payments for failure to respond | C89: nr | D89: C | F89: =SUM(F87:F88) -> 2 | G89: A1 | I89: =SUM(I87:I88) -> 0 | J89: A1
A90: B7.58 | B90: Total amount paid for Service Standards failure | C90: £ | D90: I | F90: 9979.67 | G90: A1 | I90: 3841.99 | J90: A1
B92: Water quality - affecting the water quality where a 'boil water' or do not use notice' is in place for more than 3 months
A93: B7.59 | B93: Number of restrictions (eg boil notices, do not use notices) | C93: nr | D93: I | F93: 0 | G93: AX | I93: 0 | J93: AX
A94: B7.60 | B94: Number of restrictions (eg boil notices, do not use notices) in place for more than 3 months | C94: nr | D94: I | F94: 0 | G94: AX | I94: 0 | J94: AX
A95: B7.61 | B95: Number of Service Standards failure payments made from claims (water quality) | C95: nr | D95: I | F95: 0 | G95: AX | I95: 1 | J95: A1
A96: B7.62 | B96: Total amount paid out for failure (water quality) | C96: £ | D96: I | F96: £0.00 | G96: AX | I96: 316.12 | J96: A1
B98: Connection Services - where evidence confirms that we have caused a delay
A99: B7.63 | B99: Number not dealt within the Service Standards period (≤32mm outside diameter pipe) | C99: nr | D99: I | F99: 0 | G99: AX | I99: 0 | J99: AX
A100: B7.64 | B100: Number not dealt within the Service Standards period (>32mm outside diameter pipe) | C100: nr | D100: I | F100: 0 | G100: AX | I100: 0 | J100: AX
A101: B7.65 | B101: Number of payments made from claims for failure to respond (≤32mm outside diameter pipe) | C101: nr | D101: I | F101: 0 | G101: AX | I101: 0 | J101: AX
A102: B7.66 | B102: Number of payments made from claims for failure to respond (>32mm outside diameter pipe) | C102: nr | D102: I | F102: 0 | G102: AX | I102: 0 | J102: AX
A103: B7.67 | B103: Total number of payments made from claims for failure to respond | C103: nr | D103: C | F103: =F101+F102 -> 0 | G103: AX | I103: =I101+I102 -> 0 | J103: AX
A104: B7.68 | B104: Total amount paid for Service Standards failure | C104: £ | D104: I | F104: 0 | G104: AX | I104: 0 | J104: AX
B106: Ex gratia payments made
A107: B7.69 | B107: Total number of ex-gratia payments made | C107: nr | D107: I | F107: 322 | G107: A1 | I107: 301 | J107: A1
A108: B7.70 | B108: Total amount paid out in ex-gratia payments | C108: £ | D108: I | F108: 77627.51 | G108: A1 | I108: 64800.71 | J108: A1
B110: Major incidents
B111: A) Failure to provide information
A112: B7.71 | B112: Number not dealt with within Service Standard period | C112: nr | D112: I | F112: 0 | G112: AX | I112: 0 | J112: AX
A113: B7.72 | B113: Number of payments for failure to respond (automatic) | C113: nr | D113: I | F113: 0 | G113: AX | I113: 0 | J113: AX
A114: B7.73 | B114: Number of payments made from claims for failure to respond | C114: nr | D114: I | F114: 0 | G114: AX | I114: 0 | J114: AX
A115: B7.74 | B115: Total number of payments for failure to respond | C115: nr | D115: C | F115: =SUM(F113:F114) -> 0 | G115: AX | I115: =SUM(I113:I114) -> 0 | J115: AX
A116: B7.75 | B116: Total amount paid for Service Standard failure | C116: £ | D116: I | F116: 0 | G116: AX | I116: 0 | J116: AX
B117: B) Failure to provide alternative supplies
A118: B7.76 | B118: Number not dealt with within Service Standard period | C118: nr | D118: I | F118: 0 | G118: AX | I118: 0 | J118: AX
A119: B7.77 | B119: Number of payments for failure to respond (automatic) | C119: nr | D119: I | F119: 0 | G119: AX | I119: 0 | J119: AX
...

Sheet B8
A1: SCOTTISH WATER
A3: ANNUAL RETURN INFORMATION REQUIREMENTS 2026
A6: SECTION B : OUTPUTS TO CUSTOMERS
A7: Table B8: Water infrastructure and sewerage service
A10: Line | B10: Description | C10: Units | D10: Field | F10: Report year | I10: Report year +1 (forecast) | L10: Report year (Calendar year) 2025
A11: ref. | D11: type
F12: ='B1'!F12 -> 2025-26 | G12: CG | I12: ='B1'!I12 -> 2026-27 | J12: CG | L12: Reported | M12: CG | N12: Non-reported | O12: CG | P12: Other | Q12: CG | R12: Total | S12: CG
B14: Water service - distribution
A15: B8.1 | B15: Mains bursts per 1000 km | C15: nr | D15: I | F15: 176.11 | G15: B2 | I15: 168.63 | J15: B3
B17: Sewerage service
A18: B8.2 | B18: Total number of sewer collapses | C18: nr | D18: I | F18: 2831 | G18: B4 | I18: 2987 | J18: B4
A19: B8.3 | B19: Sewer collapses per 1000 km | C19: nr | D19: I | F19: 50.7 | G19: B4 | I19: 53.49 | J19: B4
A20: B8.4 | B20: Total number of blockages | C20: nr | D20: I | F20: 35135 | G20: A1 | I20: 35135 | J20: A1
A21: B8.5 | B21: Blockages per 1000km | C21: nr | D21: I | F21: 629.26 | G21: A1 | I21: 629.26 | J21: A1
B23: Discharges
A24: B8.6 | B24: Number of unsatisfactory intermittent discharges at 31 December of the Report Year | C24: nr | D24: I | R24: 888
A25: B8.7 | B25: Number of intermittent discharges at 31 December of Report Year | C25: nr | D25: I | R25: 4237 | S25: A3
A26: B8.8 | B26: Percentage of unsatisfactory intermittent discharges | C26: % | D26: C | R26: =R24/R25*100 -> 20.958225
A27: B8.9 | B27: Number of discharges monitored at 1 January of Report Year | C27: nr | D27: I/C | L27: 151 | M27: B4 | N27: 127 | O27: B4 | P27: 1002 | Q27: B4 | R27: =L27+N27+P27 -> 1280 | S27: B4
A28: B8.10 | B28: Number of discharges monitored at 31 December of Report Year | C28: nr | D28: I/C | L28: 151 | M28: B4 | N28: 127 | O28: B4 | P28: 1846 | Q28: B4 | R28: =L28+N28+P28 -> 2124 | S28: B4
A29: B8.11 | B29: Percentage of discharges monitored | C29: % | D29: C | R29: =R28/R25*100 -> 50.129809 | S29: B4
A30: B8.12 | B30: Discharges monitored uptime | C30: % | D30: I | L30: 86.49 | M30: B4 | N30: 24.33 | O30: B4 | P30: 0 | Q30: not rated | R30: 15.67 | S30: B4
A31: B8.13 | B31: Number of spills | C31: nr | D31: I | L31: 15445 | M31: B4 | N31: 8227 | O31: B4 | R31: =L31+N31 -> 23672 | S31: B4
A32: B8.14 | B32: Average number of spills per monitored discharge | C32: nr | D32: C | L32: =L31/L27 -> 102.28477 | M32: B4 | N32: =N31/N27 -> 64.779528 | O32: B4 | R32: =R31/(L27+N27) -> 85.151079 | S32: B4
A33: B8.15 | B33: Volume of spills | C33: m3 | D33: I | L33: 22759248 | M33: B4
A34: B8.16 | B34: Total duration of spills | C34: hours:minutes:seconds | D34: I | L34: 95435:07:42 | M34: B4 | N34: 55250:35:09 | O34: B4
B36: Leakage
A37: B8.17 | B37: Leakage | C37: % | D37: C | F37: =F38/F39 -> 0.2424448 | I37: =I38/I39 -> 0.24001891
A38: B8.18 | B38: Total leakage (post-MLE adjustment) | C38: Ml/d | D38: I | F38: 452.637 | G38: B3 | I38: 446.8 | J38: B3
A39: B8.19 | B39: Net distribution input treated water (water put into supply) | C39: Ml/d | D39: I | F39: 1866.9693 | G39: B2 | I39: 1861.52 | J39: B2
A40: B8.20 | B40: Leakage target | C40: Ml/d | D40: I | F40: 450 | I40: 448
A41: B8.21 | B41: Leakage performance against the target | C41: % | D41: C | F41: =(F40/F38-1)*-1 -> 0.0058258605 | I41: =(I40/I38-1)*-1 -> -0.0026857654
A44: Prepared by: ……………………………………………...….. | C44: Date:
A46: Checked by: ……………………………………………...….. | C46: Date:
A48: Authorised by: | C48: Date: 08/06/2026

Sheet B9
A1: SCOTTISH WATER
A3: ANNUAL RETURN INFORMATION REQUIREMENTS 2026
A6: SECTION B : OUTPUTS TO CUSTOMERS
A7: Table B9: SoSI summary
A10: Line | B10: Description | C10: Units | D10: Field | F10: B9a 1 in 40 LoS Dry Year Annual Average | G10: B9b 1 in 40 LoS Critical Period | H10: B9c 1 in 100 LoS Dry Year Annual Average | I10: B9d 1 in 100 LoS Critical Period | J10: B9e 1 in 150 LoS Dry Year Annual Average | K10: B9f 1 in 150 LoS Critical Period
A11: ref. | D11: type
B15: Security of Supply Index
A16: B9.1 | B16: Count of WRZ | C16: nr | D16: C | F16: =IF(COUNTA(B9a!$B$13:$B$262)=0,NA(),COUNTA(B9a!$B$13:$B$262)) -> 184 | G16: =IF(COUNTA(B9b!$B$13:$B$262)=0,NA(),COUNTA(B9b!$B$13:$B$262)) -> 184 | H16: =IF(COUNTA(B9c!$B$13:$B$262)=0,NA(),COUNTA(B9c!$B$13:$B$262)) -> 184 | I16: =IF(COUNTA(B9d!$B$13:$B$262)=0,NA(),COUNTA(B9d!$B$13:$B$262)) -> 184 | J16: =IF(COUNTA(B9e!$B$13:$B$262)=0,NA(),COUNTA(B9e!$B$13:$B$262)) -> 184 | K16: =IF(COUNTA(B9f!$B$13:$B$262)=0,NA(),COUNTA(B9f!$B$13:$B$262)) -> 184
A17: B9.2 | B17: Count of deficit WRZ | C17: nr | D17: C | F17: =IF(ISERROR(F16),NA(),COUNTIF(B9a!$K$13:$K$262,"<"&0)) -> 46 | G17: =IF(ISERROR(G16),NA(),COUNTIF(B9b!$K$13:$K$262,"<"&0)) -> 82 | H17: =IF(ISERROR(H16),NA(),COUNTIF(B9c!$K$13:$K$262,"<"&0)) -> 53 | I17: =IF(ISERROR(I16),NA(),COUNTIF(B9d!$K$13:$K$262,"<"&0)) -> 87 | J17: =IF(ISERROR(J16),NA(),COUNTIF(B9e!$K$13:$K$262,"<"&0)) -> 55 | K17: =IF(ISERROR(K16),NA(),COUNTIF(B9f!$K$13:$K$262,"<"&0)) -> 89
A18: B9.3 | B18: Raw SoSI score | C18: nr | D18: C | F18: =IF(ISERROR(F16),NA(),B9a!$Q$263) -> 47.164656 | G18: =IF(ISERROR(G16),NA(),B9b!$Q$263) -> 31.006613 | H18: =IF(ISERROR(H16),NA(),B9c!$Q$263) -> -5.9801759 | I18: =IF(ISERROR(I16),NA(),B9d!$Q$263) -> -22.413171 | J18: =IF(ISERROR(J16),NA(),B9e!$Q$263) -> -48.885792 | K18: =IF(ISERROR(K16),NA(),B9f!$Q$263) -> -65.610213
A19: B9.4 | B19: Final SoSI score (rounded down) | C19: nr | D19: C | F19: =ROUNDDOWN(F18,0) -> 47 | G19: =ROUNDDOWN(G18,0) -> 31 | H19: =ROUNDDOWN(H18,0) -> -5 | I19: =ROUNDDOWN(I18,0) -> -22 | J19: =ROUNDDOWN(J18,0) -> -48 | K19: =ROUNDDOWN(K18,0) -> -65
A20: B9.5 | B20: SoSI performance band | C20: text | D20: C | F20: =_xlfn.IFS(F18=100,"A",F18>=90,"B",F18>=50,"C",F18<50,"D") -> D | G20: =_xlfn.IFS(G18=100,"A",G18>=90,"B",G18>=50,"C",G18<50,"D") -> D | H20: =_xlfn.IFS(H18=100,"A",H18>=90,"B",H18>=50,"C",H18<50,"D") -> D | I20: =_xlfn.IFS(I18=100,"A",I18>=90,"B",I18>=50,"C",I18<50,"D") -> D | J20: =_xlfn.IFS(J18=100,"A",J18>=90,"B",J18>=50,"C",J18<50,"D") -> D | K20: =_xlfn.IFS(K18=100,"A",K18>=90,"B",K18>=50,"C",K18<50,"D") -> D
A21: B9.6 | B21: Percentage of population in surplus zones | C21: % | D21: C | F21: =IF(ISERROR(F16),NA(),B9a!$R$263) -> 0.69382885 | G21: =IF(ISERROR(G16),NA(),B9b!$R$263) -> 0.68253796 | H21: =IF(ISERROR(H16),NA(),B9c!$R$263) -> 0.59691792 | I21: =IF(ISERROR(I16),NA(),B9d!$R$263) -> 0.58586223 | J21: =IF(ISERROR(J16),NA(),B9e!$R$263) -> 0.4653808 | K21: =IF(ISERROR(K16),NA(),B9f!$R$263) -> 0.4543251
F25: Reference table for SoSI absolute performance:
F26: SoSI band | G26: SoSI score | H26: OPA points | I26: Weighted OPA points | J26: Description
F27: A | G27: 100 | H27: 50 | I27: 12.5 | J27: No deficit against target headroom
F28: B | G28: 90 - 99 | H28: 45 | I28: 11.25 | J28: Marginal deficit against target headroom
F29: C | G29: 50 - 89 | H29: 30 | I29: 7.5 | J29: Significant deficit against target headroom
F30: D | G30: <50 | H30: 5 | I30: 1.25 | J30: Large deficit against target headroom
A35: Prepared by: ……………………………………………...….. | C35: Date:
A37: Checked by: ……………………………………………...….. | C37: Date:
A39: Authorised by: | C39: Date:16/06/2026

Sheet B9a
A1: SCOTTISH WATER
A3: ANNUAL RETURN INFORMATION REQUIREMENTS 2026
A6: SECTION B : OUTPUTS TO CUSTOMERS
A7: Table B9a: Security of Supply Index - 1 in 40 Level of Service - dry year annual average
B9: 1 | C9: 2 | D9: 3 | E9: 4 | F9: 5 | G9: 6 | H9: 7 | J9: 8 | K9: 9 | M9: 10 | N9: 11 | O9: 12 | P9: 13 | Q9: 14 | R9: 15
B10: Water Resource Zone | C10: WAFU (SEPA definition) (Ml/d) | D10: Bulk imports (Ml/d) | E10: Bulk exports (Ml/d) | F10: Dry year distribution input (Ml/d) | G10: Reporting year distribution input (Ml/d) | H10: Dry year available headroom (Ml/d) | J10: Target headroom (Ml/d) | K10: Surplus/ deficit (Ml/d) | M10: Percentage deficit (%) | N10: Zonal population | O10: Percentage of total population with headroom deficit | P10: Zonal index (%age deficit2 x % population affected x 100) | Q10: Security of Supply Index | R10: Percentage of population in surplus zones
B13: WRZ000001 - Greenock WRZ | C13: 42.456296 | D13: 0 | E13: 0 | F13: 35.967944 | G13: 34.920334 | H13: =+C13+D13-E13-F13 -> 6.4883517 | J13: 1.3635448 | K13: =+H13-J13 -> 5.1248069 | M13: =+IF(ISERROR(K13/(F13+J13)),0,K13/(F13+J13)) -> 0.1372784 | N13: 99.672869 | O13: =IF(K13<0,N13/$N$263,0) -> 0 | P13: =(M13^2*O13)*100 -> 0
B14: WRZ000007 - Clatto & Lintrathen & Whitehillocks WRZ | C14: 98.941122 | D14: 0 | E14: 0 | F14: 101.40311 | G14: 98.449619 | H14: =+C14+D14-E14-F14 -> -2.4619853 | J14: 9.0238625 | K14: =+H14-J14 -> -11.485848 | M14: =+IF(ISERROR(K14/(F14+J14)),0,K14/(F14+J14)) -> -0.10401307 | N14: 307.29629 | O14: =IF(K14<0,N14/$N$263,0) -> 0.056596359 | P14: =(M14^2*O14)*100 -> 0.061230006
B15: WRZ000008 - Perth WRZ | C15: 23.385681 | D15: 0 | E15: 0 | F15: 18.606498 | G15: 18.064561 | H15: =+C15+D15-E15-F15 -> 4.7791836 | J15: 0.36003573 | K15: =+H15-J15 -> 4.4191479 | M15: =+IF(ISERROR(K15/(F15+J15)),0,K15/(F15+J15)) -> 0.23299713 | N15: 63.883377 | O15: =IF(K15<0,N15/$N$263,0) -> 0 | P15: =(M15^2*O15)*100 -> 0
B16: WRZ000010 - Killiecrankie & Kenmore WRZ | C16: 3.3506156 | D16: 0 | E16: 0 | F16: 4.9682544 | G16: 4.823548 | H16: =+C16+D16-E16-F16 -> -1.6176389 | J16: 0.58337244 | K16: =+H16-J16 -> -2.2010113 | M16: =+IF(ISERROR(K16/(F16+J16)),0,K16/(F16+J16)) -> -0.3964624 | N16: 8.4643526 | O16: =IF(K16<0,N16/$N$263,0) -> 0.0015589239 | P16: =(M16^2*O16)*100 -> 0.024503545
B17: WRZ000011 - Kinloch Rannoch WRZ | C17: 0.29682845 | D17: 0 | E17: 0 | F17: 0.1236 | G17: 0.12 | H17: =+C17+D17-E17-F17 -> 0.17322845 | J17: 0.005306148 | K17: =+H17-J17 -> 0.1679223 | M17: =+IF(ISERROR(K17/(F17+J17)),0,K17/(F17+J17)) -> 1.302671 | N17: 0.34729657 | O17: =IF(K17<0,N17/$N$263,0) -> 0 | P17: =(M17^2*O17)*100 -> 0
B18: WRZ000012 - Kirkmichael WRZ | C18: 0.1791 | D18: 0 | E18: 0 | F18: 0.15910616 | G18: 0.154472 | H18: =+C18+D18-E18-F18 -> 0.01999384 | J18: 0.01801559 | K18: =+H18-J18 -> 0.0019782495 | M18: =+IF(ISERROR(K18/(F18+J18)),0,K18/(F18+J18)) -> 0.011168868 | N18: 0.40331214 | O18: =IF(K18<0,N18/$N$263,0) -> 0 | P18: =(M18^2*O18)*100 -> 0
B19: WRZ000016 - Castle Moffat & Hopes WRZ | C19: 25.549432 | D19: 0 | E19: 0 | F19: 26.189232 | G19: 25.426439 | H19: =+C19+D19-E19-F19 -> -0.6398005 | J19: 2.6293989 | K19: =+H19-J19 -> -3.2691994 | M19: =+IF(ISERROR(K19/(F19+J19)),0,K19/(F19+J19)) -> -0.11344048 | N19: 73.714486 | O19: =IF(K19<0,N19/$N$263,0) -> 0.013576381 | P19: =(M19^2*O19)*100 -> 0.017471096
B20: WRZ000018 - Invercannie & Mannofield WRZ | C20: 112.74755 | D20: 0 | E20: 0 | F20: 101.65613 | G20: 98.695273 | H20: =+C20+D20-E20-F20 -> 11.091415 | J20: 1.8694563 | K20: =+H20-J20 -> 9.2219586 | M20: =+IF(ISERROR(K20/(F20+J20)),0,K20/(F20+J20)) -> 0.089079027 | N20: 354.58453 | O20: =IF(K20<0,N20/$N$263,0) -> 0 | P20: =(M20^2*O20)*100 -> 0
B21: WRZ000019 - Ballater WRZ | C21: 1.746 | D21: 0 | E21: 0 | F21: 1.0323587 | G21: 1.00229 | H21: =+C21+D21-E21-F21 -> 0.7136413 | J21: 0.045527019 | K21: =+H21-J21 -> 0.66811428 | M21: =+IF(ISERROR(K21/(F21+J21)),0,K21/(F21+J21)) -> 0.61983777 | N21: 3.5986568 | O21: =IF(K21<0,N21/$N$263,0) -> 0 | P21: =(M21^2*O21)*100 -> 0
B22: WRZ000023 - Herricks WRZ | C22: 0.55523919 | D22: 0 | E22: 0 | F22: 1.7961387 | G22: 1.743824 | H22: =+C22+D22-E22-F22 -> -1.2408995 | J22: 0.15917381 | K22: =+H22-J22 -> -1.4000733 | M22: =+IF(ISERROR(K22/(F22+J22)),0,K22/(F22+J22)) -> -0.71603558 | N22: 5.4495267 | O22: =IF(K22<0,N22/$N$263,0) -> 0.0010036677 | P22: =(M22^2*O22)*100 -> 0.051458742
B23: WRZ000024 - Braemar WRZ | C23: 0.46226014 | D23: 0 | E23: 0 | F23: 0.23159962 | G23: 0.224854 | H23: =+C23+D23-E23-F23 -> 0.23066052 | J23: 0.010558627 | K23: =+H23-J23 -> 0.2201019 | M23: =+IF(ISERROR(K23/(F23+J23)),0,K23/(F23+J23)) -> 0.90891762 | N23: 0.71803188 | O23: =IF(K23<0,N23/$N$263,0) -> 0 | P23: =(M23^2*O23)*100 -> 0
B24: WRZ000026 - Craighead WRZ | C24: 2 | D24: 0 | E24: 0 | F24: 1.4415458 | G24: 1.399559 | H24: =+C24+D24-E24-F24 -> 0.55845423 | J24: 0.051938894 | K24: =+H24-J24 -> 0.50651534 | M24: =+IF(ISERROR(K24/(F24+J24)),0,K24/(F24+J24)) -> 0.33915001 | N24: 5.355757 | O24: =IF(K24<0,N24/$N$263,0) -> 0 | P24: =(M24^2*O24)*100 -> 0
... B196: WRZ000339 - Coulter WRZ | C196: 13.742961 | D196: 0 | E196: 0 | F196: 8.7969097 | G196: 8.540689 | H196: =+C196+D196-E196-F196 -> 4.9460516 | J196: 0.97645697 | K196: =+H196-J196 -> 3.9695947 | M196: =+IF(ISERROR(K196/(F196+J196)),0,K196/(F196+J196)) -> 0.40616451 | N196: 18.579422 | O196: =IF(K196<0,N196/$N$263,0) -> 0 | P196: =(M196^2*O196)*100 -> 0
H197: =+C197+D197-E197-F197 -> 0 | K197: =+H197-J197 -> 0 | M197: =+IF(ISERROR(K197/(F197+J197)),0,K197/(F197+J197)) -> 0 | O197: =IF(K197<0,N197/$N$263,0) -> 0 | P197: =(M197^2*O197)*100 -> 0
H198: =+C198+D198-E198-F198 -> 0 | K198: =+H198-J198 -> 0 | M198: =+IF(ISERROR(K198/(F198+J198)),0,K198/(F198+J198)) -> 0 | O198: =IF(K198<0,N198/$N$263,0) -> 0 | P198: =(M198^2*O198)*100 -> 0
H199: =+C199+D199-E199-F199 -> 0 | K199: =+H199-J199 -> 0 | M199: =+IF(ISERROR(K199/(F199+J199)),0,K199/(F199+J199)) -> 0 | O199: =IF(K199<0,N199/$N$263,0) -> 0 | P199: =(M199^2*O199)*100 -> 0
H200: =+C200+D200-E200-F200 -> 0 | K200: =+H200-J200 -> 0 | M200: =+IF(ISERROR(K200/(F200+J200)),0,K200/(F200+J200)) -> 0 | O200: =IF(K200<0,N200/$N$263,0) -> 0 | P200: =(M200^2*O200)*100 -> 0
H201: =+C201+D201-E201-F201 -> 0 | K201: =+H201-J201 -> 0 | M201: =+IF(ISERROR(K201/(F201+J201)),0,K201/(F201+J201)) -> 0 | O201: =IF(K201<0,N201/$N$263,0) -> 0 | P201: =(M201^2*O201)*100 -> 0
H202: =+C202+D202-E202-F202 -> 0 | K202: =+H202-J202 -> 0 | M202: =+IF(ISERROR(K202/(F202+J202)),0,K202/(F202+J202)) -> 0 | O202: =IF(K202<0,N202/$N$263,0) -> 0 | P202: =(M202^2*O202)*100 -> 0
H203: =+C203+D203-E203-F203 -> 0 | K203: =+H203-J203 -> 0 | M203: =+IF(ISERROR(K203/(F203+J203)),0,K203/(F203+J203)) -> 0 | O203: =IF(K203<0,N203/$N$263,0) -> 0 | P203: =(M203^2*O203)*100 -> 0
H204: =+C204+D204-E204-F204 -> 0 | K204: =+H204-J204 -> 0 | M204: =+IF(ISERROR(K204/(F204+J204)),0,K204/(F204+J204)) -> 0 | O204: =IF(K204<0,N204/$N$263,0) -> 0 | P204: =(M204^2*O204)*100 -> 0
H205: =+C205+D205-E205-F205 -> 0 | K205: =+H205-J205 -> 0 | M205: =+IF(ISERROR(K205/(F205+J205)),0,K205/(F205+J205)) -> 0 | O205: =IF(K205<0,N205/$N$263,0) -> 0 | P205: =(M205^2*O205)*100 -> 0
H206: =+C206+D206-E206-F206 -> 0 | K206: =+H206-J206 -> 0 | M206: =+IF(ISERROR(K206/(F206+J206)),0,K206/(F206+J206)) -> 0 | O206: =IF(K206<0,N206/$N$263,0) -> 0 | P206: =(M206^2*O206)*100 -> 0
H207: =+C207+D207-E207-F207 -> 0 | K207: =+H207-J207 -> 0 | M207: =+IF(ISERROR(K207/(F207+J207)),0,K207/(F207+J207)) -> 0 | O207: =IF(K207<0,N207/$N$263,0) -> 0 | P207: =(M207^2*O207)*100 -> 0
H208: =+C208+D208-E208-F208 -> 0 | K208: =+H208-J208 -> 0 | M208: =+IF(ISERROR(K208/(F208+J208)),0,K208/(F208+J208)) -> 0 | O208: =IF(K208<0,N208/$N$263,0) -> 0 | P208: =(M208^2*O208)*100 -> 0
... H262: =+C262+D262-E262-F262 -> 0 | K262: =+H262-J262 -> 0 | M262: =+IF(ISERROR(K262/(F262+J262)),0,K262/(F262+J262)) -> 0 | O262: =IF(K262<0,N262/$N$263,0) -> 0 | P262: =(M262^2*O262)*100 -> 0
B263: Total | C263: =SUM(C13:C262) -> 2234.5153 | D263: =SUM(D13:D262) -> 0 | E263: =SUM(E13:E262) -> 0 | F263: =SUM(F13:F262) -> 1922.9783 | G263: =SUM(G13:G262) -> 1866.9693 | N263: =SUM(N13:N262) -> 5429.6124 | P263: =SUM(P13:P262) -> 0.52835344 | Q263: =(1-P263)*100 -> 47.164656 | R263: =1-SUM(O13:O262) -> 0.69382885
A268: Prepared by: ……………………………………………...….. | C268: Date:
A270: Checked by: ……………………………………………...….. | C270: Date:
A272: Authorised by: | C272: Date:16/06/2026

Sheet B9b
A1: SCOTTISH WATER
A3: ANNUAL RETURN INFORMATION REQUIREMENTS 2026
A6: SECTION B : OUTPUTS TO CUSTOMERS
A7: Table B9b: Security of Supply Index - 1 in 40 Level of Service - critical period
B9: 1 | C9: 2 | D9: 3 | E9: 4 | F9: 5 | G9: 6 | H9: 7 | J9: 8 | K9: 9 | M9: 10 | N9: 11 | O9: 12 | P9: 13 | Q9: 14 | R9: 15
B10: Water Resource Zone | C10: WAFU (SEPA definition) (Ml/d) | D10: Bulk imports (Ml/d) | E10: Bulk exports (Ml/d) | F10: Dry year distribution input (Ml/d) | G10: Reporting year distribution input (Ml/d) | H10: Dry year available headroom (Ml/d) | J10: Target headroom (Ml/d) | K10: Surplus/ deficit (Ml/d) | M10: Percentage deficit (%) | N10: Zonal population | O10: Percentage of total population with headroom deficit | P10: Zonal index (%age deficit2 x % population affected x 100) | Q10: Security of Supply Index | R10: Percentage of population in surplus zones
B13: WRZ000001 - Greenock WRZ | C13: 42.456296 | D13: 0 | E13: 0 | F13: 35.967944 | G13: 34.920334 | H13: =+C13+D13-E13-F13 -> 6.4883517 | J13: 1.3635448 | K13: =+H13-J13 -> 5.1248069 | M13: =+IF(ISERROR(K13/(F13+J13)),0,K13/(F13+J13)) -> 0.1372784 | N13: 99.672869 | O13: =IF(K13<0,N13/$N$263,0) -> 0 | P13: =(M13^2*O13)*100 -> 0
B14: WRZ000007 - Clatto & Lintrathen & Whitehillocks WRZ | C14: 98.941122 | D14: 0 | E14: 0 | F14: 101.40311 | G14: 98.449619 | H14: =+C14+D14-E14-F14 -> -2.4619853 | J14: 9.0238625 | K14: =+H14-J14 -> -11.485848 | M14: =+IF(ISERROR(K14/(F14+J14)),0,K14/(F14+J14)) -> -0.10401307 | N14: 307.29629 | O14: =IF(K14<0,N14/$N$263,0) -> 0.056596359 | P14: =(M14^2*O14)*100 -> 0.061230006
B15: WRZ000008 - Perth WRZ | C15: 23.385681 | D15: 0 | E15: 0 | F15: 18.606498 | G15: 18.064561 | H15: =+C15+D15-E15-F15 -> 4.7791836 | J15: 0.36003573 | K15: =+H15-J15 -> 4.4191479 | M15: =+IF(ISERROR(K15/(F15+J15)),0,K15/(F15+J15)) -> 0.23299713 | N15: 63.883377 | O15: =IF(K15<0,N15/$N$263,0) -> 0 | P15: =(M15^2*O15)*100 -> 0
B16: WRZ000010 - Killiecrankie & Kenmore WRZ | C16: 3.4320388 | D16: 0 | E16: 0 | F16: 5.8892544 | G16: 4.823548 | H16: =+C16+D16-E16-F16 -> -2.4572157 | J16: 0.69151626 | K16: =+H16-J16 -> -3.1487319 | M16: =+IF(ISERROR(K16/(F16+J16)),0,K16/(F16+J16)) -> -0.47847464 | N16: 8.4643526 | O16: =IF(K16<0,N16/$N$263,0) -> 0.0015589239 | P16: =(M16^2*O16)*100 -> 0.03568969
B17: WRZ000011 - Kinloch Rannoch WRZ | C17: 0.29682845 | D17: 0 | E17: 0 | F17: 0.1236 | G17: 0.12 | H17: =+C17+D17-E17-F17 -> 0.17322845 | J17: 0.005306148 | K17: =+H17-J17 -> 0.1679223 | M17: =+IF(ISERROR(K17/(F17+J17)),0,K17/(F17+J17)) -> 1.302671 | N17: 0.34729657 | O17: =IF(K17<0,N17/$N$263,0) -> 0 | P17: =(M17^2*O17)*100 -> 0
B18: WRZ000012 - Kirkmichael WRZ | C18: 0.18 | D18: 0 | E18: 0 | F18: 0.21638438 | G18: 0.154472 | H18: =+C18+D18-E18-F18 -> -0.036384378 | J18: 0.024501203 | K18: =+H18-J18 -> -0.060885581 | M18: =+IF(ISERROR(K18/(F18+J18)),0,K18/(F18+J18)) -> -0.25275727 | N18: 0.40331214 | O18: =IF(K18<0,N18/$N$263,0) -> 7.4280099e-05 | P18: =(M18^2*O18)*100 -> 0.00047454759
B19: WRZ000016 - Castle Moffat & Hopes WRZ | C19: 25.549432 | D19: 0 | E19: 0 | F19: 26.189232 | G19: 25.426439 | H19: =+C19+D19-E19-F19 -> -0.6398005 | J19: 2.6293989 | K19: =+H19-J19 -> -3.2691994 | M19: =+IF(ISERROR(K19/(F19+J19)),0,K19/(F19+J19)) -> -0.11344048 | N19: 73.714486 | O19: =IF(K19<0,N19/$N$263,0) -> 0.013576381 | P19: =(M19^2*O19)*100 -> 0.017471096
B20: WRZ000018 - Invercannie & Mannofield WRZ | C20: 116.22755 | D20: 0 | E20: 0 | F20: 113.28913 | G20: 98.695273 | H20: =+C20+D20-E20-F20 -> 2.9384148 | J20: 2.0833871 | K20: =+H20-J20 -> 0.85502769 | M20: =+IF(ISERROR(K20/(F20+J20)),0,K20/(F20+J20)) -> 0.0074110169 | N20: 354.58453 | O20: =IF(K20<0,N20/$N$263,0) -> 0 | P20: =(M20^2*O20)*100 -> 0
B21: WRZ000019 - Ballater WRZ | C21: 1.8 | D21: 0 | E21: 0 | F21: 1.3123587 | G21: 1.00229 | H21: =+C21+D21-E21-F21 -> 0.4876413 | J21: 0.057875019 | K21: =+H21-J21 -> 0.42976628 | M21: =+IF(ISERROR(K21/(F21+J21)),0,K21/(F21+J21)) -> 0.31364451 | N21: 3.5986568 | O21: =IF(K21<0,N21/$N$263,0) -> 0 | P21: =(M21^2*O21)*100 -> 0
B22: WRZ000023 - Herricks WRZ | C22: 0.52812695 | D22: 0 | E22: 0 | F22: 2.1194437 | G22: 1.743824 | H22: =+C22+D22-E22-F22 -> -1.5913167 | J22: 0.1878251 | K22: =+H22-J22 -> -1.7791418 | M22: =+IF(ISERROR(K22/(F22+J22)),0,K22/(F22+J22)) -> -0.77110298 | N22: 5.4495267 | O22: =IF(K22<0,N22/$N$263,0) -> 0.0010036677 | P22: =(M22^2*O22)*100 -> 0.059678063
B23: WRZ000024 - Braemar WRZ | C23: 0.44628104 | D23: 0 | E23: 0 | F23: 0.31497548 | G23: 0.224854 | H23: =+C23+D23-E23-F23 -> 0.13130556 | J23: 0.014359732 | K23: =+H23-J23 -> 0.11694582 | M23: =+IF(ISERROR(K23/(F23+J23)),0,K23/(F23+J23)) -> 0.35509663 | N23: 0.71803188 | O23: =IF(K23<0,N23/$N$263,0) -> 0 | P23: =(M23^2*O23)*100 -> 0
B24: WRZ000026 - Craighead WRZ | C24: 2 | D24: 0 | E24: 0 | F24: 1.7245458 | G24: 1.399559 | H24: =+C24+D24-E24-F24 -> 0.27545423 | J24: 0.062135384 | K24: =+H24-J24 -> 0.21331885 | M24: =+IF(ISERROR(K24/(F24+J24)),0,K24/(F24+J24)) -> 0.11939391 | N24: 5.355757 | O24: =IF(K24<0,N24/$N$263,0) -> 0 | P24: =(M24^2*O24)*100 -> 0
... B196: WRZ000339 - Coulter WRZ | C196: 13.742961 | D196: 0 | E196: 0 | F196: 8.7969097 | G196: 8.540689 | H196: =+C196+D196-E196-F196 -> 4.9460516 | J196: 0.97645697 | K196: =+H196-J196 -> 3.9695947 | M196: =+IF(ISERROR(K196/(F196+J196)),0,K196/(F196+J196)) -> 0.40616451 | N196: 18.579422 | O196: =IF(K196<0,N196/$N$263,0) -> 0 | P196: =(M196^2*O196)*100 -> 0
H197: =+C197+D197-E197-F197 -> 0 | K197: =+H197-J197 -> 0 | M197: =+IF(ISERROR(K197/(F197+J197)),0,K197/(F197+J197)) -> 0 | O197: =IF(K197<0,N197/$N$263,0) -> 0 | P197: =(M197^2*O197)*100 -> 0
H198: =+C198+D198-E198-F198 -> 0 | K198: =+H198-J198 -> 0 | M198: =+IF(ISERROR(K198/(F198+J198)),0,K198/(F198+J198)) -> 0 | O198: =IF(K198<0,N198/$N$263,0) -> 0 | P198: =(M198^2*O198)*100 -> 0
H199: =+C199+D199-E199-F199 -> 0 | K199: =+H199-J199 -> 0 | M199: =+IF(ISERROR(K199/(F199+J199)),0,K199/(F199+J199)) -> 0 | O199: =IF(K199<0,N199/$N$263,0) -> 0 | P199: =(M199^2*O199)*100 -> 0
H200: =+C200+D200-E200-F200 -> 0 | K200: =+H200-J200 -> 0 | M200: =+IF(ISERROR(K200/(F200+J200)),0,K200/(F200+J200)) -> 0 | O200: =IF(K200<0,N200/$N$263,0) -> 0 | P200: =(M200^2*O200)*100 -> 0
H201: =+C201+D201-E201-F201 -> 0 | K201: =+H201-J201 -> 0 | M201: =+IF(ISERROR(K201/(F201+J201)),0,K201/(F201+J201)) -> 0 | O201: =IF(K201<0,N201/$N$263,0) -> 0 | P201: =(M201^2*O201)*100 -> 0
H202: =+C202+D202-E202-F202 -> 0 | K202: =+H202-J202 -> 0 | M202: =+IF(ISERROR(K202/(F202+J202)),0,K202/(F202+J202)) -> 0 | O202: =IF(K202<0,N202/$N$263,0) -> 0 | P202: =(M202^2*O202)*100 -> 0
H203: =+C203+D203-E203-F203 -> 0 | K203: =+H203-J203 -> 0 | M203: =+IF(ISERROR(K203/(F203+J203)),0,K203/(F203+J203)) -> 0 | O203: =IF(K203<0,N203/$N$263,0) -> 0 | P203: =(M203^2*O203)*100 -> 0
H204: =+C204+D204-E204-F204 -> 0 | K204: =+H204-J204 -> 0 | M204: =+IF(ISERROR(K204/(F204+J204)),0,K204/(F204+J204)) -> 0 | O204: =IF(K204<0,N204/$N$263,0) -> 0 | P204: =(M204^2*O204)*100 -> 0
H205: =+C205+D205-E205-F205 -> 0 | K205: =+H205-J205 -> 0 | M205: =+IF(ISERROR(K205/(F205+J205)),0,K205/(F205+J205)) -> 0 | O205: =IF(K205<0,N205/$N$263,0) -> 0 | P205: =(M205^2*O205)*100 -> 0
H206: =+C206+D206-E206-F206 -> 0 | K206: =+H206-J206 -> 0 | M206: =+IF(ISERROR(K206/(F206+J206)),0,K206/(F206+J206)) -> 0 | O206: =IF(K206<0,N206/$N$263,0) -> 0 | P206: =(M206^2*O206)*100 -> 0
H207: =+C207+D207-E207-F207 -> 0 | K207: =+H207-J207 -> 0 | M207: =+IF(ISERROR(K207/(F207+J207)),0,K207/(F207+J207)) -> 0 | O207: =IF(K207<0,N207/$N$263,0) -> 0 | P207: =(M207^2*O207)*100 -> 0
H208: =+C208+D208-E208-F208 -> 0 | K208: =+H208-J208 -> 0 | M208: =+IF(ISERROR(K208/(F208+J208)),0,K208/(F208+J208)) -> 0 | O208: =IF(K208<0,N208/$N$263,0) -> 0 | P208: =(M208^2*O208)*100 -> 0
... H262: =+C262+D262-E262-F262 -> 0 | K262: =+H262-J262 -> 0 | M262: =+IF(ISERROR(K262/(F262+J262)),0,K262/(F262+J262)) -> 0 | O262: =IF(K262<0,N262/$N$263,0) -> 0 | P262: =(M262^2*O262)*100 -> 0
B263: Total | C263: =SUM(C13:C262) -> 2239.2118 | D263: =SUM(D13:D262) -> 0 | E263: =SUM(E13:E262) -> 0 | F263: =SUM(F13:F262) -> 1955.8607 | G263: =SUM(G13:G262) -> 1866.9693 | N263: =SUM(N13:N262) -> 5429.6124 | P263: =SUM(P13:P262) -> 0.68993387 | Q263: =(1-P263)*100 -> 31.006613 | R263: =1-SUM(O13:O262) -> 0.68253796
A268: Prepared by: ……………………………………………...….. | C268: Date:
A270: Checked by: ……………………………………………...….. | C270: Date:
A272: Authorised by: | C272: Date:16/06/2026

Sheet B9c
A1: SCOTTISH WATER
A3: ANNUAL RETURN INFORMATION REQUIREMENTS 2026
A6: SECTION B : OUTPUTS TO CUSTOMERS
A7: Table B9c: Security of Supply Index - 1 in 100 Level of Service - dry year annual average
B9: 1 | C9: 2 | D9: 3 | E9: 4 | F9: 5 | G9: 6 | H9: 7 | J9: 8 | K9: 9 | M9: 10 | N9: 11 | O9: 12 | P9: 13 | Q9: 14 | R9: 15
B10: Water Resource Zone | C10: WAFU (SEPA definition) (Ml/d) | D10: Bulk imports (Ml/d) | E10: Bulk exports (Ml/d) | F10: Dry year distribution input (Ml/d) | G10: Reporting year distribution input (Ml/d) | H10: Dry year available headroom (Ml/d) | J10: Target headroom (Ml/d) | K10: Surplus/ deficit (Ml/d) | M10: Percentage deficit (%) | N10: Zonal population | O10: Percentage of total population with headroom deficit | P10: Zonal index (%age deficit2 x % population affected x 100) | Q10: Security of Supply Index | R10: Percentage of population in surplus zones
B13: WRZ000001 - Greenock WRZ | C13: 41.663806 | D13: 0 | E13: 0 | F13: 35.967944 | G13: 34.920334 | H13: =+C13+D13-E13-F13 -> 5.6958617 | J13: 1.3635448 | K13: =+H13-J13 -> 4.3323169 | M13: =+IF(ISERROR(K13/(F13+J13)),0,K13/(F13+J13)) -> 0.11604994 | N13: 99.672869 | O13: =IF(K13<0,N13/$N$263,0) -> 0 | P13: =(M13^2*O13)*100 -> 0
B14: WRZ000007 - Clatto & Lintrathen & Whitehillocks WRZ | C14: 94.376302 | D14: 0 | E14: 0 | F14: 101.40311 | G14: 98.449619 | H14: =+C14+D14-E14-F14 -> -7.0268053 | J14: 9.0238625 | K14: =+H14-J14 -> -16.050668 | M14: =+IF(ISERROR(K14/(F14+J14)),0,K14/(F14+J14)) -> -0.14535098 | N14: 307.29629 | O14: =IF(K14<0,N14/$N$263,0) -> 0.056596359 | P14: =(M14^2*O14)*100 -> 0.1195706
B15: WRZ000008 - Perth WRZ | C15: 23.385681 | D15: 0 | E15: 0 | F15: 18.606498 | G15: 18.064561 | H15: =+C15+D15-E15-F15 -> 4.7791836 | J15: 0.36003573 | K15: =+H15-J15 -> 4.4191479 | M15: =+IF(ISERROR(K15/(F15+J15)),0,K15/(F15+J15)) -> 0.23299713 | N15: 63.883377 | O15: =IF(K15<0,N15/$N$263,0) -> 0 | P15: =(M15^2*O15)*100 -> 0
B16: WRZ000010 - Killiecrankie & Kenmore WRZ | C16: 2.9228456 | D16: 0 | E16: 0 | F16: 4.9682544 | G16: 4.823548 | H16: =+C16+D16-E16-F16 -> -2.0454089 | J16: 0.58337244 | K16: =+H16-J16 -> -2.6287813 | M16: =+IF(ISERROR(K16/(F16+J16)),0,K16/(F16+J16)) -> -0.47351549 | N16: 8.4643526 | O16: =IF(K16<0,N16/$N$263,0) -> 0.0015589239 | P16: =(M16^2*O16)*100 -> 0.034953711
B17: WRZ000011 - Kinloch Rannoch WRZ | C17: 0.29682845 | D17: 0 | E17: 0 | F17: 0.1236 | G17: 0.12 | H17: =+C17+D17-E17-F17 -> 0.17322845 | J17: 0.005306148 | K17: =+H17-J17 -> 0.1679223 | M17: =+IF(ISERROR(K17/(F17+J17)),0,K17/(F17+J17)) -> 1.302671 | N17: 0.34729657 | O17: =IF(K17<0,N17/$N$263,0) -> 0 | P17: =(M17^2*O17)*100 -> 0
B18: WRZ000012 - Kirkmichael WRZ | C18: 0.1791 | D18: 0 | E18: 0 | F18: 0.15910616 | G18: 0.154472 | H18: =+C18+D18-E18-F18 -> 0.01999384 | J18: 0.01801559 | K18: =+H18-J18 -> 0.0019782495 | M18: =+IF(ISERROR(K18/(F18+J18)),0,K18/(F18+J18)) -> 0.011168868 | N18: 0.40331214 | O18: =IF(K18<0,N18/$N$263,0) -> 0 | P18: =(M18^2*O18)*100 -> 0
B19: WRZ000016 - Castle Moffat & Hopes WRZ | C19: 19.854562 | D19: 0 | E19: 0 | F19: 26.189232 | G19: 25.426439 | H19: =+C19+D19-E19-F19 -> -6.3346705 | J19: 2.6293989 | K19: =+H19-J19 -> -8.9640694 | M19: =+IF(ISERROR(K19/(F19+J19)),0,K19/(F19+J19)) -> -0.31105119 | N19: 73.714486 | O19: =IF(K19<0,N19/$N$263,0) -> 0.013576381 | P19: =(M19^2*O19)*100 -> 0.13135534
B20: WRZ000018 - Invercannie & Mannofield WRZ | C20: 112.74755 | D20: 0 | E20: 0 | F20: 101.65613 | G20: 98.695273 | H20: =+C20+D20-E20-F20 -> 11.091415 | J20: 1.8694563 | K20: =+H20-J20 -> 9.2219586 | M20: =+IF(ISERROR(K20/(F20+J20)),0,K20/(F20+J20)) -> 0.089079027 | N20: 354.58453 | O20: =IF(K20<0,N20/$N$263,0) -> 0 | P20: =(M20^2*O20)*100 -> 0
B21: WRZ000019 - Ballater WRZ | C21: 1.746 | D21: 0 | E21: 0 | F21: 1.0323587 | G21: 1.00229 | H21: =+C21+D21-E21-F21 -> 0.7136413 | J21: 0.045527019 | K21: =+H21-J21 -> 0.66811428 | M21: =+IF(ISERROR(K21/(F21+J21)),0,K21/(F21+J21)) -> 0.61983777 | N21: 3.5986568 | O21: =IF(K21<0,N21/$N$263,0) -> 0 | P21: =(M21^2*O21)*100 -> 0
B22: WRZ000023 - Herricks WRZ | C22: 0.26875579 | D22: 0 | E22: 0 | F22: 1.7961387 | G22: 1.743824 | H22: =+C22+D22-E22-F22 -> -1.5273829 | J22: 0.15917381 | K22: =+H22-J22 -> -1.6865567 | M22: =+IF(ISERROR(K22/(F22+J22)),0,K22/(F22+J22)) -> -0.86255098 | N22: 5.4495267 | O22: =IF(K22<0,N22/$N$263,0) -> 0.0010036677 | P22: =(M22^2*O22)*100 -> 0.074672296
B23: WRZ000024 - Braemar WRZ | C23: 0.46226014 | D23: 0 | E23: 0 | F23: 0.23159962 | G23: 0.224854 | H23: =+C23+D23-E23-F23 -> 0.23066052 | J23: 0.010558627 | K23: =+H23-J23 -> 0.2201019 | M23: =+IF(ISERROR(K23/(F23+J23)),0,K23/(F23+J23)) -> 0.90891762 | N23: 0.71803188 | O23: =IF(K23<0,N23/$N$263,0) -> 0 | P23: =(M23^2*O23)*100 -> 0
B24: WRZ000026 - Craighead WRZ | C24: 2 | D24: 0 | E24: 0 | F24: 1.4415458 | G24: 1.399559 | H24: =+C24+D24-E24-F24 -> 0.55845423 | J24: 0.051938894 | K24: =+H24-J24 -> 0.50651534 | M24: =+IF(ISERROR(K24/(F24+J24)),0,K24/(F24+J24)) -> 0.33915001 | N24: 5.355757 | O24: =IF(K24<0,N24/$N$263,0) -> 0 | P24: =(M24^2*O24)*100 -> 0
... B196: WRZ000339 - Coulter WRZ | C196: 12.430618 | D196: 0 | E196: 0 | F196: 8.7969097 | G196: 8.540689 | H196: =+C196+D196-E196-F196 -> 3.6337081 | J196: 0.97645697 | K196: =+H196-J196 -> 2.6572512 | M196: =+IF(ISERROR(K196/(F196+J196)),0,K196/(F196+J196)) -> 0.27188698 | N196: 18.579422 | O196: =IF(K196<0,N196/$N$263,0) -> 0 | P196: =(M196^2*O196)*100 -> 0
H197: =+C197+D197-E197-F197 -> 0 | K197: =+H197-J197 -> 0 | M197: =+IF(ISERROR(K197/(F197+J197)),0,K197/(F197+J197)) -> 0 | O197: =IF(K197<0,N197/$N$263,0) -> 0 | P197: =(M197^2*O197)*100 -> 0
H198: =+C198+D198-E198-F198 -> 0 | K198: =+H198-J198 -> 0 | M198: =+IF(ISERROR(K198/(F198+J198)),0,K198/(F198+J198)) -> 0 | O198: =IF(K198<0,N198/$N$263,0) -> 0 | P198: =(M198^2*O198)*100 -> 0
H199: =+C199+D199-E199-F199 -> 0 | K199: =+H199-J199 -> 0 | M199: =+IF(ISERROR(K199/(F199+J199)),0,K199/(F199+J199)) -> 0 | O199: =IF(K199<0,N199/$N$263,0) -> 0 | P199: =(M199^2*O199)*100 -> 0
H200: =+C200+D200-E200-F200 -> 0 | K200: =+H200-J200 -> 0 | M200: =+IF(ISERROR(K200/(F200+J200)),0,K200/(F200+J200)) -> 0 | O200: =IF(K200<0,N200/$N$263,0) -> 0 | P200: =(M200^2*O200)*100 -> 0
H201: =+C201+D201-E201-F201 -> 0 | K201: =+H201-J201 -> 0 | M201: =+IF(ISERROR(K201/(F201+J201)),0,K201/(F201+J201)) -> 0 | O201: =IF(K201<0,N201/$N$263,0) -> 0 | P201: =(M201^2*O201)*100 -> 0
H202: =+C202+D202-E202-F202 -> 0 | K202: =+H202-J202 -> 0 | M202: =+IF(ISERROR(K202/(F202+J202)),0,K202/(F202+J202)) -> 0 | O202: =IF(K202<0,N202/$N$263,0) -> 0 | P202: =(M202^2*O202)*100 -> 0
H203: =+C203+D203-E203-F203 -> 0 | K203: =+H203-J203 -> 0 | M203: =+IF(ISERROR(K203/(F203+J203)),0,K203/(F203+J203)) -> 0 | O203: =IF(K203<0,N203/$N$263,0) -> 0 | P203: =(M203^2*O203)*100 -> 0
H204: =+C204+D204-E204-F204 -> 0 | K204: =+H204-J204 -> 0 | M204: =+IF(ISERROR(K204/(F204+J204)),0,K204/(F204+J204)) -> 0 | O204: =IF(K204<0,N204/$N$263,0) -> 0 | P204: =(M204^2*O204)*100 -> 0
H205: =+C205+D205-E205-F205 -> 0 | K205: =+H205-J205 -> 0 | M205: =+IF(ISERROR(K205/(F205+J205)),0,K205/(F205+J205)) -> 0 | O205: =IF(K205<0,N205/$N$263,0) -> 0 | P205: =(M205^2*O205)*100 -> 0
H206: =+C206+D206-E206-F206 -> 0 | K206: =+H206-J206 -> 0 | M206: =+IF(ISERROR(K206/(F206+J206)),0,K206/(F206+J206)) -> 0 | O206: =IF(K206<0,N206/$N$263,0) -> 0 | P206: =(M206^2*O206)*100 -> 0
H207: =+C207+D207-E207-F207 -> 0 | K207: =+H207-J207 -> 0 | M207: =+IF(ISERROR(K207/(F207+J207)),0,K207/(F207+J207)) -> 0 | O207: =IF(K207<0,N207/$N$263,0) -> 0 | P207: =(M207^2*O207)*100 -> 0
H208: =+C208+D208-E208-F208 -> 0 | K208: =+H208-J208 -> 0 | M208: =+IF(ISERROR(K208/(F208+J208)),0,K208/(F208+J208)) -> 0 | O208: =IF(K208<0,N208/$N$263,0) -> 0 | P208: =(M208^2*O208)*100 -> 0
... H262: =+C262+D262-E262-F262 -> 0 | K262: =+H262-J262 -> 0 | M262: =+IF(ISERROR(K262/(F262+J262)),0,K262/(F262+J262)) -> 0 | O262: =IF(K262<0,N262/$N$263,0) -> 0 | P262: =(M262^2*O262)*100 -> 0
B263: Total | C263: =SUM(C13:C262) -> 2160.4854 | D263: =SUM(D13:D262) -> 0 | E263: =SUM(E13:E262) -> 0 | F263: =SUM(F13:F262) -> 1922.9783 | G263: =SUM(G13:G262) -> 1866.9693 | N263: =SUM(N13:N262) -> 5429.6124 | P263: =SUM(P13:P262) -> 1.0598018 | Q263: =(1-P263)*100 -> -5.9801759 | R263: =1-SUM(O13:O262) -> 0.59691792
A268: Prepared by: ……………………………………………...….. | C268: Date:
A270: Checked by: ……………………………………………...….. | C270: Date:
A272: Authorised by: | C272: Date:16/06/2026

Sheet B9d
A1: SCOTTISH WATER
A3: ANNUAL RETURN INFORMATION REQUIREMENTS 2026
A6: SECTION B : OUTPUTS TO CUSTOMERS
A7: Table B9d: Security of Supply Index - 1 in 100 Level of Service - critical period
B9: 1 | C9: 2 | D9: 3 | E9: 4 | F9: 5 | G9: 6 | H9: 7 | J9: 8 | K9: 9 | M9: 10 | N9: 11 | O9: 12 | P9: 13 | Q9: 14 | R9: 15
B10: Water Resource Zone | C10: WAFU (SEPA definition) (Ml/d) | D10: Bulk imports (Ml/d) | E10: Bulk exports (Ml/d) | F10: Dry year distribution input (Ml/d) | G10: Reporting year distribution input (Ml/d) | H10: Dry year available headroom (Ml/d) | J10: Target headroom (Ml/d) | K10: Surplus/ deficit (Ml/d) | M10: Percentage deficit (%) | N10: Zonal population | O10: Percentage of total population with headroom deficit | P10: Zonal index (%age deficit2 x % population affected x 100) | Q10: Security of Supply Index | R10: Percentage of population in surplus zones
B13: WRZ000001 - Greenock WRZ | C13: 41.663806 | D13: 0 | E13: 0 | F13: 35.967944 | G13: 34.920334 | H13: =+C13+D13-E13-F13 -> 5.6958617 | J13: 1.3635448 | K13: =+H13-J13 -> 4.3323169 | M13: =+IF(ISERROR(K13/(F13+J13)),0,K13/(F13+J13)) -> 0.11604994 | N13: 99.672869 | O13: =IF(K13<0,N13/$N$263,0) -> 0 | P13: =(M13^2*O13)*100 -> 0
B14: WRZ000007 - Clatto & Lintrathen & Whitehillocks WRZ | C14: 94.376302 | D14: 0 | E14: 0 | F14: 101.40311 | G14: 98.449619 | H14: =+C14+D14-E14-F14 -> -7.0268053 | J14: 9.0238625 | K14: =+H14-J14 -> -16.050668 | M14: =+IF(ISERROR(K14/(F14+J14)),0,K14/(F14+J14)) -> -0.14535098 | N14: 307.29629 | O14: =IF(K14<0,N14/$N$263,0) -> 0.056596359 | P14: =(M14^2*O14)*100 -> 0.1195706
B15: WRZ000008 - Perth WRZ | C15: 23.385681 | D15: 0 | E15: 0 | F15: 18.606498 | G15: 18.064561 | H15: =+C15+D15-E15-F15 -> 4.7791836 | J15: 0.36003573 | K15: =+H15-J15 -> 4.4191479 | M15: =+IF(ISERROR(K15/(F15+J15)),0,K15/(F15+J15)) -> 0.23299713 | N15: 63.883377 | O15: =IF(K15<0,N15/$N$263,0) -> 0 | P15: =(M15^2*O15)*100 -> 0
B16: WRZ000010 - Killiecrankie & Kenmore WRZ | C16: 2.9910388 | D16: 0 | E16: 0 | F16: 5.8892544 | G16: 4.823548 | H16: =+C16+D16-E16-F16 -> -2.8982157 | J16: 0.69151626 | K16: =+H16-J16 -> -3.5897319 | M16: =+IF(ISERROR(K16/(F16+J16)),0,K16/(F16+J16)) -> -0.54548807 | N16: 8.4643526 | O16: =IF(K16<0,N16/$N$263,0) -> 0.0015589239 | P16: =(M16^2*O16)*100 -> 0.046386909
B17: WRZ000011 - Kinloch Rannoch WRZ | C17: 0.29682845 | D17: 0 | E17: 0 | F17: 0.1236 | G17: 0.12 | H17: =+C17+D17-E17-F17 -> 0.17322845 | J17: 0.005306148 | K17: =+H17-J17 -> 0.1679223 | M17: =+IF(ISERROR(K17/(F17+J17)),0,K17/(F17+J17)) -> 1.302671 | N17: 0.34729657 | O17: =IF(K17<0,N17/$N$263,0) -> 0 | P17: =(M17^2*O17)*100 -> 0
B18: WRZ000012 - Kirkmichael WRZ | C18: 0.18 | D18: 0 | E18: 0 | F18: 0.21638438 | G18: 0.154472 | H18: =+C18+D18-E18-F18 -> -0.036384378 | J18: 0.024501203 | K18: =+H18-J18 -> -0.060885581 | M18: =+IF(ISERROR(K18/(F18+J18)),0,K18/(F18+J18)) -> -0.25275727 | N18: 0.40331214 | O18: =IF(K18<0,N18/$N$263,0) -> 7.4280099e-05 | P18: =(M18^2*O18)*100 -> 0.00047454759
B19: WRZ000016 - Castle Moffat & Hopes WRZ | C19: 19.854562 | D19: 0 | E19: 0 | F19: 26.189232 | G19: 25.426439 | H19: =+C19+D19-E19-F19 -> -6.3346705 | J19: 2.6293989 | K19: =+H19-J19 -> -8.9640694 | M19: =+IF(ISERROR(K19/(F19+J19)),0,K19/(F19+J19)) -> -0.31105119 | N19: 73.714486 | O19: =IF(K19<0,N19/$N$263,0) -> 0.013576381 | P19: =(M19^2*O19)*100 -> 0.13135534
B20: WRZ000018 - Invercannie & Mannofield WRZ | C20: 116.22755 | D20: 0 | E20: 0 | F20: 113.28913 | G20: 98.695273 | H20: =+C20+D20-E20-F20 -> 2.9384148 | J20: 2.0833871 | K20: =+H20-J20 -> 0.85502769 | M20: =+IF(ISERROR(K20/(F20+J20)),0,K20/(F20+J20)) -> 0.0074110169 | N20: 354.58453 | O20: =IF(K20<0,N20/$N$263,0) -> 0 | P20: =(M20^2*O20)*100 -> 0
B21: WRZ000019 - Ballater WRZ | C21: 1.8 | D21: 0 | E21: 0 | F21: 1.3123587 | G21: 1.00229 | H21: =+C21+D21-E21-F21 -> 0.4876413 | J21: 0.057875019 | K21: =+H21-J21 -> 0.42976628 | M21: =+IF(ISERROR(K21/(F21+J21)),0,K21/(F21+J21)) -> 0.31364451 | N21: 3.5986568 | O21: =IF(K21<0,N21/$N$263,0) -> 0 | P21: =(M21^2*O21)*100 -> 0
B22: WRZ000023 - Herricks WRZ | C22: 0.24112695 | D22: 0 | E22: 0 | F22: 2.1194437 | G22: 1.743824 | H22: =+C22+D22-E22-F22 -> -1.8783167 | J22: 0.1878251 | K22: =+H22-J22 -> -2.0661418 | M22: =+IF(ISERROR(K22/(F22+J22)),0,K22/(F22+J22)) -> -0.89549248 | N22: 5.4495267 | O22: =IF(K22<0,N22/$N$263,0) -> 0.0010036677 | P22: =(M22^2*O22)*100 -> 0.080484795
B23: WRZ000024 - Braemar WRZ | C23: 0.44628104 | D23: 0 | E23: 0 | F23: 0.31497548 | G23: 0.224854 | H23: =+C23+D23-E23-F23 -> 0.13130556 | J23: 0.014359732 | K23: =+H23-J23 -> 0.11694582 | M23: =+IF(ISERROR(K23/(F23+J23)),0,K23/(F23+J23)) -> 0.35509663 | N23: 0.71803188 | O23: =IF(K23<0,N23/$N$263,0) -> 0 | P23: =(M23^2*O23)*100 -> 0
B24: WRZ000026 - Craighead WRZ | C24: 2 | D24: 0 | E24: 0 | F24: 1.7245458 | G24: 1.399559 | H24: =+C24+D24-E24-F24 -> 0.27545423 | J24: 0.062135384 | K24: =+H24-J24 -> 0.21331885 | M24: =+IF(ISERROR(K24/(F24+J24)),0,K24/(F24+J24)) -> 0.11939391 | N24: 5.355757 | O24: =IF(K24<0,N24/$N$263,0) -> 0 | P24: =(M24^2*O24)*100 -> 0
... B196: WRZ000339 - Coulter WRZ | C196: 12.430618 | D196: 0 | E196: 0 | F196: 8.7969097 | G196: 8.540689 | H196: =+C196+D196-E196-F196 -> 3.6337081 | J196: 0.97645697 | K196: =+H196-J196 -> 2.6572512 | M196: =+IF(ISERROR(K196/(F196+J196)),0,K196/(F196+J196)) -> 0.27188698 | N196: 18.579422 | O196: =IF(K196<0,N196/$N$263,0) -> 0 | P196: =(M196^2*O196)*100 -> 0
H197: =+C197+D197-E197-F197 -> 0 | K197: =+H197-J197 -> 0 | M197: =+IF(ISERROR(K197/(F197+J197)),0,K197/(F197+J197)) -> 0 | O197: =IF(K197<0,N197/$N$263,0) -> 0 | P197: =(M197^2*O197)*100 -> 0
H198: =+C198+D198-E198-F198 -> 0 | K198: =+H198-J198 -> 0 | M198: =+IF(ISERROR(K198/(F198+J198)),0,K198/(F198+J198)) -> 0 | O198: =IF(K198<0,N198/$N$263,0) -> 0 | P198: =(M198^2*O198)*100 -> 0
H199: =+C199+D199-E199-F199 -> 0 | K199: =+H199-J199 -> 0 | M199: =+IF(ISERROR(K199/(F199+J199)),0,K199/(F199+J199)) -> 0 | O199: =IF(K199<0,N199/$N$263,0) -> 0 | P199: =(M199^2*O199)*100 -> 0
H200: =+C200+D200-E200-F200 -> 0 | K200: =+H200-J200 -> 0 | M200: =+IF(ISERROR(K200/(F200+J200)),0,K200/(F200+J200)) -> 0 | O200: =IF(K200<0,N200/$N$263,0) -> 0 | P200: =(M200^2*O200)*100 -> 0
H201: =+C201+D201-E201-F201 -> 0 | K201: =+H201-J201 -> 0 | M201: =+IF(ISERROR(K201/(F201+J201)),0,K201/(F201+J201)) -> 0 | O201: =IF(K201<0,N201/$N$263,0) -> 0 | P201: =(M201^2*O201)*100 -> 0
H202: =+C202+D202-E202-F202 -> 0 | K202: =+H202-J202 -> 0 | M202: =+IF(ISERROR(K202/(F202+J202)),0,K202/(F202+J202)) -> 0 | O202: =IF(K202<0,N202/$N$263,0) -> 0 | P202: =(M202^2*O202)*100 -> 0
H203: =+C203+D203-E203-F203 -> 0 | K203: =+H203-J203 -> 0 | M203: =+IF(ISERROR(K203/(F203+J203)),0,K203/(F203+J203)) -> 0 | O203: =IF(K203<0,N203/$N$263,0) -> 0 | P203: =(M203^2*O203)*100 -> 0
H204: =+C204+D204-E204-F204 -> 0 | K204: =+H204-J204 -> 0 | M204: =+IF(ISERROR(K204/(F204+J204)),0,K204/(F204+J204)) -> 0 | O204: =IF(K204<0,N204/$N$263,0) -> 0 | P204: =(M204^2*O204)*100 -> 0
H205: =+C205+D205-E205-F205 -> 0 | K205: =+H205-J205 -> 0 | M205: =+IF(ISERROR(K205/(F205+J205)),0,K205/(F205+J205)) -> 0 | O205: =IF(K205<0,N205/$N$263,0) -> 0 | P205: =(M205^2*O205)*100 -> 0
H206: =+C206+D206-E206-F206 -> 0 | K206: =+H206-J206 -> 0 | M206: =+IF(ISERROR(K206/(F206+J206)),0,K206/(F206+J206)) -> 0 | O206: =IF(K206<0,N206/$N$263,0) -> 0 | P206: =(M206^2*O206)*100 -> 0
H207: =+C207+D207-E207-F207 -> 0 | K207: =+H207-J207 -> 0 | M207: =+IF(ISERROR(K207/(F207+J207)),0,K207/(F207+J207)) -> 0 | O207: =IF(K207<0,N207/$N$263,0) -> 0 | P207: =(M207^2*O207)*100 -> 0
H208: =+C208+D208-E208-F208 -> 0 | K208: =+H208-J208 -> 0 | M208: =+IF(ISERROR(K208/(F208+J208)),0,K208/(F208+J208)) -> 0 | O208: =IF(K208<0,N208/$N$263,0) -> 0 | P208: =(M208^2*O208)*100 -> 0
... H262: =+C262+D262-E262-F262 -> 0 | K262: =+H262-J262 -> 0 | M262: =+IF(ISERROR(K262/(F262+J262)),0,K262/(F262+J262)) -> 0 | O262: =IF(K262<0,N262/$N$263,0) -> 0 | P262: =(M262^2*O262)*100 -> 0
B263: Total | C263: =SUM(C13:C262) -> 2165.1436 | D263: =SUM(D13:D262) -> 0 | E263: =SUM(E13:E262) -> 0 | F263: =SUM(F13:F262) -> 1955.8607 | G263: =SUM(G13:G262) -> 1866.9693 | N263: =SUM(N13:N262) -> 5429.6124 | P263: =SUM(P13:P262) -> 1.2241317 | Q263: =(1-P263)*100 -> -22.413171 | R263: =1-SUM(O13:O262) -> 0.58586223
A268: Prepared by: ……………………………………………...….. | C268: Date:
A270: Checked by: ……………………………………………...….. | C270: Date:
A272: Authorised by: | C272: Date:16/06/2026

Sheet B9e
A1: SCOTTISH WATER
A3: ANNUAL RETURN INFORMATION REQUIREMENTS 2026
A6: SECTION B : OUTPUTS TO CUSTOMERS
A7: Table B9e: Security of Supply Index - 1 in 150 Level of Service - dry year annual average
B9: 1 | C9: 2 | D9: 3 | E9: 4 | F9: 5 | G9: 6 | H9: 7 | J9: 8 | K9: 9 | M9: 10 | N9: 11 | O9: 12 | P9: 13 | Q9: 14 | R9: 15
B10: Water Resource Zone | C10: WAFU (SEPA definition) (Ml/d) | D10: Bulk imports (Ml/d) | E10: Bulk exports (Ml/d) | F10: Dry year distribution input (Ml/d) | G10: Reporting year distribution input (Ml/d) | H10: Dry year available headroom (Ml/d) | J10: Target headroom (Ml/d) | K10: Surplus/ deficit (Ml/d) | M10: Percentage deficit (%) | N10: Zonal population | O10: Percentage of total population with headroom deficit | P10: Zonal index (%age deficit2 x % population affected x 100) | Q10: Security of Supply Index | R10: Percentage of population in surplus zones
B13: WRZ000001 - Greenock WRZ | C13: 41.437796 | D13: 0 | E13: 0 | F13: 35.967944 | G13: 34.920334 | H13: =+C13+D13-E13-F13 -> 5.4698517 | J13: 1.3635448 | K13: =+H13-J13 -> 4.1063069 | M13: =+IF(ISERROR(K13/(F13+J13)),0,K13/(F13+J13)) -> 0.1099958 | N13: 99.672869 | O13: =IF(K13<0,N13/$N$263,0) -> 0 | P13: =(M13^2*O13)*100 -> 0
B14: WRZ000007 - Clatto & Lintrathen & Whitehillocks WRZ | C14: 91.593372 | D14: 0 | E14: 0 | F14: 101.40311 | G14: 98.449619 | H14: =+C14+D14-E14-F14 -> -9.8097353 | J14: 9.0238625 | K14: =+H14-J14 -> -18.833598 | M14: =+IF(ISERROR(K14/(F14+J14)),0,K14/(F14+J14)) -> -0.17055252 | N14: 307.29629 | O14: =IF(K14<0,N14/$N$263,0) -> 0.056596359 | P14: =(M14^2*O14)*100 -> 0.1646284
B15: WRZ000008 - Perth WRZ | C15: 23.385681 | D15: 0 | E15: 0 | F15: 18.606498 | G15: 18.064561 | H15: =+C15+D15-E15-F15 -> 4.7791836 | J15: 0.36003573 | K15: =+H15-J15 -> 4.4191479 | M15: =+IF(ISERROR(K15/(F15+J15)),0,K15/(F15+J15)) -> 0.23299713 | N15: 63.883377 | O15: =IF(K15<0,N15/$N$263,0) -> 0 | P15: =(M15^2*O15)*100 -> 0
B16: WRZ000010 - Killiecrankie & Kenmore WRZ | C16: 2.7016856 | D16: 0 | E16: 0 | F16: 4.9682544 | G16: 4.823548 | H16: =+C16+D16-E16-F16 -> -2.2665689 | J16: 0.58337244 | K16: =+H16-J16 -> -2.8499413 | M16: =+IF(ISERROR(K16/(F16+J16)),0,K16/(F16+J16)) -> -0.51335246 | N16: 8.4643526 | O16: =IF(K16<0,N16/$N$263,0) -> 0.0015589239 | P16: =(M16^2*O16)*100 -> 0.041082438
B17: WRZ000011 - Kinloch Rannoch WRZ | C17: 0.29682845 | D17: 0 | E17: 0 | F17: 0.1236 | G17: 0.12 | H17: =+C17+D17-E17-F17 -> 0.17322845 | J17: 0.005306148 | K17: =+H17-J17 -> 0.1679223 | M17: =+IF(ISERROR(K17/(F17+J17)),0,K17/(F17+J17)) -> 1.302671 | N17: 0.34729657 | O17: =IF(K17<0,N17/$N$263,0) -> 0 | P17: =(M17^2*O17)*100 -> 0
B18: WRZ000012 - Kirkmichael WRZ | C18: 0.1791 | D18: 0 | E18: 0 | F18: 0.15910616 | G18: 0.154472 | H18: =+C18+D18-E18-F18 -> 0.01999384 | J18: 0.01801559 | K18: =+H18-J18 -> 0.0019782495 | M18: =+IF(ISERROR(K18/(F18+J18)),0,K18/(F18+J18)) -> 0.011168868 | N18: 0.40331214 | O18: =IF(K18<0,N18/$N$263,0) -> 0 | P18: =(M18^2*O18)*100 -> 0
B19: WRZ000016 - Castle Moffat & Hopes WRZ | C19: 18.240482 | D19: 0 | E19: 0 | F19: 26.189232 | G19: 25.426439 | H19: =+C19+D19-E19-F19 -> -7.9487505 | J19: 2.6293989 | K19: =+H19-J19 -> -10.578149 | M19: =+IF(ISERROR(K19/(F19+J19)),0,K19/(F19+J19)) -> -0.3670594 | N19: 73.714486 | O19: =IF(K19<0,N19/$N$263,0) -> 0.013576381 | P19: =(M19^2*O19)*100 -> 0.18291811
B20: WRZ000018 - Invercannie & Mannofield WRZ | C20: 112.74755 | D20: 0 | E20: 0 | F20: 101.65613 | G20: 98.695273 | H20: =+C20+D20-E20-F20 -> 11.091415 | J20: 1.8694563 | K20: =+H20-J20 -> 9.2219586 | M20: =+IF(ISERROR(K20/(F20+J20)),0,K20/(F20+J20)) -> 0.089079027 | N20: 354.58453 | O20: =IF(K20<0,N20/$N$263,0) -> 0 | P20: =(M20^2*O20)*100 -> 0
B21: WRZ000019 - Ballater WRZ | C21: 1.746 | D21: 0 | E21: 0 | F21: 1.0323587 | G21: 1.00229 | H21: =+C21+D21-E21-F21 -> 0.7136413 | J21: 0.045527019 | K21: =+H21-J21 -> 0.66811428 | M21: =+IF(ISERROR(K21/(F21+J21)),0,K21/(F21+J21)) -> 0.61983777 | N21: 3.5986568 | O21: =IF(K21<0,N21/$N$263,0) -> 0 | P21: =(M21^2*O21)*100 -> 0
B22: WRZ000023 - Herricks WRZ | C22: 0.15895379 | D22: 0 | E22: 0 | F22: 1.7961387 | G22: 1.743824 | H22: =+C22+D22-E22-F22 -> -1.6371849 | J22: 0.15917381 | K22: =+H22-J22 -> -1.7963587 | M22: =+IF(ISERROR(K22/(F22+J22)),0,K22/(F22+J22)) -> -0.91870671 | N22: 5.4495267 | O22: =IF(K22<0,N22/$N$263,0) -> 0.0010036677 | P22: =(M22^2*O22)*100 -> 0.084711766
B23: WRZ000024 - Braemar WRZ | C23: 0.46226014 | D23: 0 | E23: 0 | F23: 0.23159962 | G23: 0.224854 | H23: =+C23+D23-E23-F23 -> 0.23066052 | J23: 0.010558627 | K23: =+H23-J23 -> 0.2201019 | M23: =+IF(ISERROR(K23/(F23+J23)),0,K23/(F23+J23)) -> 0.90891762 | N23: 0.71803188 | O23: =IF(K23<0,N23/$N$263,0) -> 0 | P23: =(M23^2*O23)*100 -> 0
B24: WRZ000026 - Craighead WRZ | C24: 2 | D24: 0 | E24: 0 | F24: 1.4415458 | G24: 1.399559 | H24: =+C24+D24-E24-F24 -> 0.55845423 | J24: 0.051938894 | K24: =+H24-J24 -> 0.50651534 | M24: =+IF(ISERROR(K24/(F24+J24)),0,K24/(F24+J24)) -> 0.33915001 | N24: 5.355757 | O24: =IF(K24<0,N24/$N$263,0) -> 0 | P24: =(M24^2*O24)*100 -> 0
... B196: WRZ000339 - Coulter WRZ | C196: 11.513077 | D196: 0 | E196: 0 | F196: 8.7969097 | G196: 8.540689 | H196: =+C196+D196-E196-F196 -> 2.7161671 | J196: 0.97645697 | K196: =+H196-J196 -> 1.7397102 | M196: =+IF(ISERROR(K196/(F196+J196)),0,K196/(F196+J196)) -> 0.17800521 | N196: 18.579422 | O196: =IF(K196<0,N196/$N$263,0) -> 0 | P196: =(M196^2*O196)*100 -> 0
H197: =+C197+D197-E197-F197 -> 0 | K197: =+H197-J197 -> 0 | M197: =+IF(ISERROR(K197/(F197+J197)),0,K197/(F197+J197)) -> 0 | O197: =IF(K197<0,N197/$N$263,0) -> 0 | P197: =(M197^2*O197)*100 -> 0
H198: =+C198+D198-E198-F198 -> 0 | K198: =+H198-J198 -> 0 | M198: =+IF(ISERROR(K198/(F198+J198)),0,K198/(F198+J198)) -> 0 | O198: =IF(K198<0,N198/$N$263,0) -> 0 | P198: =(M198^2*O198)*100 -> 0
H199: =+C199+D199-E199-F199 -> 0 | K199: =+H199-J199 -> 0 | M199: =+IF(ISERROR(K199/(F199+J199)),0,K199/(F199+J199)) -> 0 | O199: =IF(K199<0,N199/$N$263,0) -> 0 | P199: =(M199^2*O199)*100 -> 0
H200: =+C200+D200-E200-F200 -> 0 | K200: =+H200-J200 -> 0 | M200: =+IF(ISERROR(K200/(F200+J200)),0,K200/(F200+J200)) -> 0 | O200: =IF(K200<0,N200/$N$263,0) -> 0 | P200: =(M200^2*O200)*100 -> 0
H201: =+C201+D201-E201-F201 -> 0 | K201: =+H201-J201 -> 0 | M201: =+IF(ISERROR(K201/(F201+J201)),0,K201/(F201+J201)) -> 0 | O201: =IF(K201<0,N201/$N$263,0) -> 0 | P201: =(M201^2*O201)*100 -> 0
H202: =+C202+D202-E202-F202 -> 0 | K202: =+H202-J202 -> 0 | M202: =+IF(ISERROR(K202/(F202+J202)),0,K202/(F202+J202)) -> 0 | O202: =IF(K202<0,N202/$N$263,0) -> 0 | P202: =(M202^2*O202)*100 -> 0
H203: =+C203+D203-E203-F203 -> 0 | K203: =+H203-J203 -> 0 | M203: =+IF(ISERROR(K203/(F203+J203)),0,K203/(F203+J203)) -> 0 | O203: =IF(K203<0,N203/$N$263,0) -> 0 | P203: =(M203^2*O203)*100 -> 0
H204: =+C204+D204-E204-F204 -> 0 | K204: =+H204-J204 -> 0 | M204: =+IF(ISERROR(K204/(F204+J204)),0,K204/(F204+J204)) -> 0 | O204: =IF(K204<0,N204/$N$263,0) -> 0 | P204: =(M204^2*O204)*100 -> 0
H205: =+C205+D205-E205-F205 -> 0 | K205: =+H205-J205 -> 0 | M205: =+IF(ISERROR(K205/(F205+J205)),0,K205/(F205+J205)) -> 0 | O205: =IF(K205<0,N205/$N$263,0) -> 0 | P205: =(M205^2*O205)*100 -> 0
H206: =+C206+D206-E206-F206 -> 0 | K206: =+H206-J206 -> 0 | M206: =+IF(ISERROR(K206/(F206+J206)),0,K206/(F206+J206)) -> 0 | O206: =IF(K206<0,N206/$N$263,0) -> 0 | P206: =(M206^2*O206)*100 -> 0
H207: =+C207+D207-E207-F207 -> 0 | K207: =+H207-J207 -> 0 | M207: =+IF(ISERROR(K207/(F207+J207)),0,K207/(F207+J207)) -> 0 | O207: =IF(K207<0,N207/$N$263,0) -> 0 | P207: =(M207^2*O207)*100 -> 0
H208: =+C208+D208-E208-F208 -> 0 | K208: =+H208-J208 -> 0 | M208: =+IF(ISERROR(K208/(F208+J208)),0,K208/(F208+J208)) -> 0 | O208: =IF(K208<0,N208/$N$263,0) -> 0 | P208: =(M208^2*O208)*100 -> 0
... H262: =+C262+D262-E262-F262 -> 0 | K262: =+H262-J262 -> 0 | M262: =+IF(ISERROR(K262/(F262+J262)),0,K262/(F262+J262)) -> 0 | O262: =IF(K262<0,N262/$N$263,0) -> 0 | P262: =(M262^2*O262)*100 -> 0
B263: Total | C263: =SUM(C13:C262) -> 2130.7454 | D263: =SUM(D13:D262) -> 0 | E263: =SUM(E13:E262) -> 0 | F263: =SUM(F13:F262) -> 1922.9783 | G263: =SUM(G13:G262) -> 1866.9693 | N263: =SUM(N13:N262) -> 5429.6124 | P263: =SUM(P13:P262) -> 1.4888579 | Q263: =(1-P263)*100 -> -48.885792 | R263: =1-SUM(O13:O262) -> 0.4653808
A268: Prepared by: ……………………………………………...….. | C268: Date:
A270: Checked by: ……………………………………………...….. | C270: Date:
A272: Authorised by: | C272: Date:16/06/2026

Sheet B9f
A1: SCOTTISH WATER
A3: ANNUAL RETURN INFORMATION REQUIREMENTS 2026
A6: SECTION B : OUTPUTS TO CUSTOMERS
A7: Table B9f: Security of Supply Index - 1 in 150 Level of Service - critical period
B9: 1 | C9: 2 | D9: 3 | E9: 4 | F9: 5 | G9: 6 | H9: 7 | J9: 8 | K9: 9 | M9: 10 | N9: 11 | O9: 12 | P9: 13 | Q9: 14 | R9: 15
B10: Water Resource Zone | C10: WAFU (SEPA definition) (Ml/d) | D10: Bulk imports (Ml/d) | E10: Bulk exports (Ml/d) | F10: Dry year distribution input (Ml/d) | G10: Reporting year distribution input (Ml/d) | H10: Dry year available headroom (Ml/d) | J10: Target headroom (Ml/d) | K10: Surplus/ deficit (Ml/d) | M10: Percentage deficit (%) | N10: Zonal population | O10: Percentage of total population with headroom deficit | P10: Zonal index (%age deficit2 x % population affected x 100) | Q10: Security of Supply Index | R10: Percentage of population in surplus zones
B13: WRZ000001 - Greenock WRZ | C13: 41.437796 | D13: 0 | E13: 0 | F13: 35.967944 | G13: 34.920334 | H13: =+C13+D13-E13-F13 -> 5.4698517 | J13: 1.3635448 | K13: =+H13-J13 -> 4.1063069 | M13: =+IF(ISERROR(K13/(F13+J13)),0,K13/(F13+J13)) -> 0.1099958 | N13: 99.672869 | O13: =IF(K13<0,N13/$N$263,0) -> 0 | P13: =(M13^2*O13)*100 -> 0
B14: WRZ000007 - Clatto & Lintrathen & Whitehillocks WRZ | C14: 91.593372 | D14: 0 | E14: 0 | F14: 101.40311 | G14: 98.449619 | H14: =+C14+D14-E14-F14 -> -9.8097353 | J14: 9.0238625 | K14: =+H14-J14 -> -18.833598 | M14: =+IF(ISERROR(K14/(F14+J14)),0,K14/(F14+J14)) -> -0.17055252 | N14: 307.29629 | O14: =IF(K14<0,N14/$N$263,0) -> 0.056596359 | P14: =(M14^2*O14)*100 -> 0.1646284
B15: WRZ000008 - Perth WRZ | C15: 23.385681 | D15: 0 | E15: 0 | F15: 18.606498 | G15: 18.064561 | H15: =+C15+D15-E15-F15 -> 4.7791836 | J15: 0.36003573 | K15: =+H15-J15 -> 4.4191479 | M15: =+IF(ISERROR(K15/(F15+J15)),0,K15/(F15+J15)) -> 0.23299713 | N15: 63.883377 | O15: =IF(K15<0,N15/$N$263,0) -> 0 | P15: =(M15^2*O15)*100 -> 0
B16: WRZ000010 - Killiecrankie & Kenmore WRZ | C16: 2.7630388 | D16: 0 | E16: 0 | F16: 5.8892544 | G16: 4.823548 | H16: =+C16+D16-E16-F16 -> -3.1262157 | J16: 0.69151626 | K16: =+H16-J16 -> -3.8177319 | M16: =+IF(ISERROR(K16/(F16+J16)),0,K16/(F16+J16)) -> -0.58013447 | N16: 8.4643526 | O16: =IF(K16<0,N16/$N$263,0) -> 0.0015589239 | P16: =(M16^2*O16)*100 -> 0.05246652
B17: WRZ000011 - Kinloch Rannoch WRZ | C17: 0.29682845 | D17: 0 | E17: 0 | F17: 0.1236 | G17: 0.12 | H17: =+C17+D17-E17-F17 -> 0.17322845 | J17: 0.005306148 | K17: =+H17-J17 -> 0.1679223 | M17: =+IF(ISERROR(K17/(F17+J17)),0,K17/(F17+J17)) -> 1.302671 | N17: 0.34729657 | O17: =IF(K17<0,N17/$N$263,0) -> 0 | P17: =(M17^2*O17)*100 -> 0
B18: WRZ000012 - Kirkmichael WRZ | C18: 0.18 | D18: 0 | E18: 0 | F18: 0.21638438 | G18: 0.154472 | H18: =+C18+D18-E18-F18 -> -0.036384378 | J18: 0.024501203 | K18: =+H18-J18 -> -0.060885581 | M18: =+IF(ISERROR(K18/(F18+J18)),0,K18/(F18+J18)) -> -0.25275727 | N18: 0.40331214 | O18: =IF(K18<0,N18/$N$263,0) -> 7.4280099e-05 | P18: =(M18^2*O18)*100 -> 0.00047454759
B19: WRZ000016 - Castle Moffat & Hopes WRZ | C19: 18.240482 | D19: 0 | E19: 0 | F19: 26.189232 | G19: 25.426439 | H19: =+C19+D19-E19-F19 -> -7.9487505 | J19: 2.6293989 | K19: =+H19-J19 -> -10.578149 | M19: =+IF(ISERROR(K19/(F19+J19)),0,K19/(F19+J19)) -> -0.3670594 | N19: 73.714486 | O19: =IF(K19<0,N19/$N$263,0) -> 0.013576381 | P19: =(M19^2*O19)*100 -> 0.18291811
B20: WRZ000018 - Invercannie & Mannofield WRZ | C20: 116.22755 | D20: 0 | E20: 0 | F20: 113.28913 | G20: 98.695273 | H20: =+C20+D20-E20-F20 -> 2.9384148 | J20: 2.0833871 | K20: =+H20-J20 -> 0.85502769 | M20: =+IF(ISERROR(K20/(F20+J20)),0,K20/(F20+J20)) -> 0.0074110169 | N20: 354.58453 | O20: =IF(K20<0,N20/$N$263,0) -> 0 | P20: =(M20^2*O20)*100 -> 0
B21: WRZ000019 - Ballater WRZ | C21: 1.8 | D21: 0 | E21: 0 | F21: 1.3123587 | G21: 1.00229 | H21: =+C21+D21-E21-F21 -> 0.4876413 | J21: 0.057875019 | K21: =+H21-J21 -> 0.42976628 | M21: =+IF(ISERROR(K21/(F21+J21)),0,K21/(F21+J21)) -> 0.31364451 | N21: 3.5986568 | O21: =IF(K21<0,N21/$N$263,0) -> 0 | P21: =(M21^2*O21)*100 -> 0
B22: WRZ000023 - Herricks WRZ | C22: 0.13112695 | D22: 0 | E22: 0 | F22: 2.1194437 | G22: 1.743824 | H22: =+C22+D22-E22-F22 -> -1.9883167 | J22: 0.1878251 | K22: =+H22-J22 -> -2.1761418 | M22: =+IF(ISERROR(K22/(F22+J22)),0,K22/(F22+J22)) -> -0.94316789 | N22: 5.4495267 | O22: =IF(K22<0,N22/$N$263,0) -> 0.0010036677 | P22: =(M22^2*O22)*100 -> 0.089282835
B23: WRZ000024 - Braemar WRZ | C23: 0.44628104 | D23: 0 | E23: 0 | F23: 0.31497548 | G23: 0.224854 | H23: =+C23+D23-E23-F23 -> 0.13130556 | J23: 0.014359732 | K23: =+H23-J23 -> 0.11694582 | M23: =+IF(ISERROR(K23/(F23+J23)),0,K23/(F23+J23)) -> 0.35509663 | N23: 0.71803188 | O23: =IF(K23<0,N23/$N$263,0) -> 0 | P23: =(M23^2*O23)*100 -> 0
B24: WRZ000026 - Craighead WRZ | C24: 2 | D24: 0 | E24: 0 | F24: 1.7245458 | G24: 1.399559 | H24: =+C24+D24-E24-F24 -> 0.27545423 | J24: 0.062135384 | K24: =+H24-J24 -> 0.21331885 | M24: =+IF(ISERROR(K24/(F24+J24)),0,K24/(F24+J24)) -> 0.11939391 | N24: 5.355757 | O24: =IF(K24<0,N24/$N$263,0) -> 0 | P24: =(M24^2*O24)*100 -> 0
... B196: WRZ000339 - Coulter WRZ | C196: 11.513077 | D196: 0 | E196: 0 | F196: 8.7969097 | G196: 8.540689 | H196: =+C196+D196-E196-F196 -> 2.7161671 | J196: 0.97645697 | K196: =+H196-J196 -> 1.7397102 | M196: =+IF(ISERROR(K196/(F196+J196)),0,K196/(F196+J196)) -> 0.17800521 | N196: 18.579422 | O196: =IF(K196<0,N196/$N$263,0) -> 0 | P196: =(M196^2*O196)*100 -> 0
H197: =+C197+D197-E197-F197 -> 0 | K197: =+H197-J197 -> 0 | M197: =+IF(ISERROR(K197/(F197+J197)),0,K197/(F197+J197)) -> 0 | O197: =IF(K197<0,N197/$N$263,0) -> 0 | P197: =(M197^2*O197)*100 -> 0
H198: =+C198+D198-E198-F198 -> 0 | K198: =+H198-J198 -> 0 | M198: =+IF(ISERROR(K198/(F198+J198)),0,K198/(F198+J198)) -> 0 | O198: =IF(K198<0,N198/$N$263,0) -> 0 | P198: =(M198^2*O198)*100 -> 0
H199: =+C199+D199-E199-F199 -> 0 | K199: =+H199-J199 -> 0 | M199: =+IF(ISERROR(K199/(F199+J199)),0,K199/(F199+J199)) -> 0 | O199: =IF(K199<0,N199/$N$263,0) -> 0 | P199: =(M199^2*O199)*100 -> 0
H200: =+C200+D200-E200-F200 -> 0 | K200: =+H200-J200 -> 0 | M200: =+IF(ISERROR(K200/(F200+J200)),0,K200/(F200+J200)) -> 0 | O200: =IF(K200<0,N200/$N$263,0) -> 0 | P200: =(M200^2*O200)*100 -> 0
H201: =+C201+D201-E201-F201 -> 0 | K201: =+H201-J201 -> 0 | M201: =+IF(ISERROR(K201/(F201+J201)),0,K201/(F201+J201)) -> 0 | O201: =IF(K201<0,N201/$N$263,0) -> 0 | P201: =(M201^2*O201)*100 -> 0
H202: =+C202+D202-E202-F202 -> 0 | K202: =+H202-J202 -> 0 | M202: =+IF(ISERROR(K202/(F202+J202)),0,K202/(F202+J202)) -> 0 | O202: =IF(K202<0,N202/$N$263,0) -> 0 | P202: =(M202^2*O202)*100 -> 0
H203: =+C203+D203-E203-F203 -> 0 | K203: =+H203-J203 -> 0 | M203: =+IF(ISERROR(K203/(F203+J203)),0,K203/(F203+J203)) -> 0 | O203: =IF(K203<0,N203/$N$263,0) -> 0 | P203: =(M203^2*O203)*100 -> 0
H204: =+C204+D204-E204-F204 -> 0 | K204: =+H204-J204 -> 0 | M204: =+IF(ISERROR(K204/(F204+J204)),0,K204/(F204+J204)) -> 0 | O204: =IF(K204<0,N204/$N$263,0) -> 0 | P204: =(M204^2*O204)*100 -> 0
H205: =+C205+D205-E205-F205 -> 0 | K205: =+H205-J205 -> 0 | M205: =+IF(ISERROR(K205/(F205+J205)),0,K205/(F205+J205)) -> 0 | O205: =IF(K205<0,N205/$N$263,0) -> 0 | P205: =(M205^2*O205)*100 -> 0
H206: =+C206+D206-E206-F206 -> 0 | K206: =+H206-J206 -> 0 | M206: =+IF(ISERROR(K206/(F206+J206)),0,K206/(F206+J206)) -> 0 | O206: =IF(K206<0,N206/$N$263,0) -> 0 | P206: =(M206^2*O206)*100 -> 0
H207: =+C207+D207-E207-F207 -> 0 | K207: =+H207-J207 -> 0 | M207: =+IF(ISERROR(K207/(F207+J207)),0,K207/(F207+J207)) -> 0 | O207: =IF(K207<0,N207/$N$263,0) -> 0 | P207: =(M207^2*O207)*100 -> 0
H208: =+C208+D208-E208-F208 -> 0 | K208: =+H208-J208 -> 0 | M208: =+IF(ISERROR(K208/(F208+J208)),0,K208/(F208+J208)) -> 0 | O208: =IF(K208<0,N208/$N$263,0) -> 0 | P208: =(M208^2*O208)*100 -> 0
... H262: =+C262+D262-E262-F262 -> 0 | K262: =+H262-J262 -> 0 | M262: =+IF(ISERROR(K262/(F262+J262)),0,K262/(F262+J262)) -> 0 | O262: =IF(K262<0,N262/$N$263,0) -> 0 | P262: =(M262^2*O262)*100 -> 0
B263: Total | C263: =SUM(C13:C262) -> 2135.3167 | D263: =SUM(D13:D262) -> 0 | E263: =SUM(E13:E262) -> 0 | F263: =SUM(F13:F262) -> 1955.8607 | G263: =SUM(G13:G262) -> 1866.9693 | N263: =SUM(N13:N262) -> 5429.6124 | P263: =SUM(P13:P262) -> 1.6561021 | Q263: =(1-P263)*100 -> -65.610213 | R263: =1-SUM(O13:O262) -> 0.4543251
A268: Prepared by: ……………………………………………...….. | C268: Date:
A270: Checked by: ……………………………………………...….. | C270: Date:
A272: Authorised by: | C272: Date:16/06/2026

Sheet B10
A1: DWQR
A3: ANNUAL RETURN INFORMATION REQUIREMENTS 2026
A5: Table B10: Scottish Water compliance with Water Quality Regulations (Calendar year to end December 2025)
A7: Line ref. | B7: Description | C7: Units | D7: Field type
F8: 1 | H8: 2 | J8: 3 | L8: 4 | N8: 5 | P8: 6 | R8: 7 | T8: 8 | V8: 9 | X8: 10 | Z8: 11 | AB8: 12
B9: Parametric compliance | F9: Water treatment works | N9: Storage points | V9: Consumer tap
B10: Parameter name | F10: Test count | G10: CG | H10: Failures | I10: CG | J10: Sites failing | K10: CG | L10: Calculated compliance | M10: CG | N10: Test count | O10: CG | P10: Failures | Q10: CG | R10: Sites failing | S10: CG | T10: Calculated compliance | U10: CG | V10: Test count | W10: CG | X10: Failures | Y10: CG | Z10: Zones failing | AA10: CG | AB10: Calculated compliance | AC10: A1
A11: B10.1 | B11: Aluminium (Total) | C11: nr / % | D11: I/C | V11: 4702 | W11: B2 | X11: 2 | Y11: B2 | Z11: 2 | AA11: B2 | AB11: =1-(X11/V11) -> 0.99957465 | AC11: B2
A12: B10.2 | B12: Clostridium perfringens | C12: nr / % | D12: I/C | V12: 4819 | W12: B2 | X12: 1 | Y12: B2 | Z12: 1 | AA12: B2 | AB12: =1-(X12/V12) -> 0.99979249 | AC12: B2
A13: B10.3 | B13: Coliform Bacteria | C13: nr / % | D13: I/C | F13: 25585 | G13: B2 | H13: 20 | I13: B2 | J13: 18 | K13: B2 | L13: =1-(H13/F13) -> 0.99921829 | M13: B2 | N13: 48427 | O13: B2 | P13: 62 | Q13: B2 | R13: 55 | S13: B2 | T13: =1-(P13/N13) -> 0.99871972 | U13: B2 | V13: 14961 | W13: B2 | X13: 39 | Y13: B2 | Z13: 34 | AA13: B2 | AB13: =1-(X13/V13) -> 0.99739322 | AC13: B2
A14: B10.4 | B14: E. coli | C14: nr / % | D14: I/C | F14: 25585 | G14: B2 | H14: 0 | I14: B2 | J14: 0 | K14: B2 | L14: =1-(H14/F14) -> 1 | M14: B2 | N14: 48427 | O14: B2 | P14: 3 | Q14: B2 | R14: 3 | S14: B2 | T14: =1-(P14/N14) -> 0.99993805 | U14: B2 | V14: 14961 | W14: B2 | X14: 1 | Y14: B2 | Z14: 1 | AA14: B2 | AB14: =1-(X14/V14) -> 0.99993316 | AC14: B2
A15: B10.5 | B15: Enterococci | C15: nr / % | D15: I/C | V15: 4818 | W15: B2 | X15: 1 | Y15: B2 | Z15: 1 | AA15: B2 | AB15: =1-(X15/V15) -> 0.99979244 | AC15: B2
A16: B10.6 | B16: Hydrogen ion (pH) | C16: nr / % | D16: I/C | V16: 4816 | W16: B2 | X16: 2 | Y16: B2 | Z16: 2 | AA16: B2 | AB16: =1-(X16/V16) -> 0.99958472 | AC16: B2
A17: B10.7 | B17: Iron (Total) | C17: nr / % | D17: I/C | V17: 4703 | W17: B2 | X17: 24 | Y17: B2 | Z17: 18 | AA17: B2 | AB17: =1-(X17/V17) -> 0.99489687 | AC17: B2
A18: B10.8 | B18: Lead (Total) | C18: nr / % | D18: I/C | V18: 4148 | W18: B2 | X18: 16 | Y18: B2 | Z18: 15 | AA18: B2 | AB18: =1-(X18/V18) -> 0.99614272 | AC18: B2
A19: B10.9 | B19: Manganese (Total) | C19: nr / % | D19: I/C | V19: 4702 | W19: B2 | X19: 11 | Y19: B2 | Z19: 9 | AA19: B2 | AB19: =1-(X19/V19) -> 0.99766057 | AC19: B2
A20: B10.10 | B20: Nickel (Total) | C20: nr / % | D20: I/C | V20: 597 | W20: B2 | X20: 1 | Y20: B2 | Z20: 1 | AA20: B2 | AB20: =1-(X20/V20) -> 0.99832496 | AC20: B2
A21: B10.11 | B21: Pesticides | C21: nr / % | D21: I/C | V21: 713 | W21: B2 | X21: 1 | Y21: B2 | Z21: 1 | AA21: B2 | AB21: =1-(X21/V21) -> 0.99859748 | AC21: B2
A22: B10.12 | B22: Total Trihalomethanes | C22: nr / % | D22: I/C | V22: 2736 | W22: B2 | X22: 2 | Y22: B2 | Z22: 1 | AA22: B2 | AB22: =1-(X22/V22) -> 0.99926901 | AC22: B2
A23: B10.13 | B23: All other parameters | C23: nr / % | D23: I/C | F23: 10964 | G23: B2 | H23: 2 | I23: B2 | J23: 2 | K23: B2 | L23: =1-(H23/F23) -> 0.99981758 | M23: B2 | V23: 71271 | W23: B2 | X23: 67 | Y23: B2 | Z23: 29 | AA23: B2 | AB23: =1-(X23/V23) -> 0.99905993 | AC23: B2
A24: B10.14 | B24: All Parameters | C24: nr / % | D24: I/C | F24: =SUM(F13:F14,F23) -> 62134 | G24: B2 | H24: =SUM(H13:H14,H23) -> 22 | I24: B2 | J24: 20 | K24: B2 | L24: =1-(H24/F24) -> 0.99964593 | M24: B2 | N24: =SUM(N13:N14) -> 96854 | O24: B2 | P24: =SUM(P13:P14) -> 65 | Q24: B2 | R24: 55 | S24: B2 | T24: =1-(P24/N24) -> 0.99932889 | U24: B2 | V24: =SUM(V11:V23) -> 137947 | W24: B2 | X24: =SUM(X11:X23) -> 168 | Y24: B2 | Z24: 78 | AA24: B2 | AB24: =1-(X24/V24) -> 0.99878214 | AC24: B2
F26: 1 | H26: 2 | J26: 3 | L26: 4 | N26: 5
B27: Cryptosporidium at water treatment works | F27: Sample count | G27: CG | H27: No. detections | I27: CG | J27: No. sites with oocysts | K27: CG | L27: No. viable oocysts | M27: CG | N27: No. sites with viable oocysts | O27: CG
A28: B10.15 | B28: Cryptosporidium at water treatment works | C28: nr | D28: I | F28: 5783 | G28: B2 | H28: 15 | I28: B2 | J28: 12 | K28: B2 | L28: 9 | M28: B2 | N28: 9 | O28: B2
B30: Total Compliance (for OPA) | F30: Total compliance | G30: CG
A31: B10.15a | B31: Total compliance including Cryptosporidium compliance | C31: % | D31: C | F31: =ROUNDDOWN(100-(((H24+P24+X24+L28)/(F24+N24+V24+F28))*100),2) -> 99.91 | G31: B2
A32: B10.15b | B32: Total compliance including Cryptosporidium compliance (for OPA) | C32: % | D32: I | F32: =ROUNDDOWN(100-((199/270614)*100),2) -> 99.92 | G32: B2
A33: B10.15c | B33: Total compliance including Cryptosporidium compliance (regulatory baseline) | C33: % | D33: I | F33: =ROUNDDOWN(100-((208/275708)*100),2) -> 99.92 | G33: B2
B35: Enforcement | F35: Water quality | G35: CG | H35: NIS | I35: CG
A36: B10.16 | B36: No. of enforcement notices issued | C36: nr | D36: I | F36: 2 | G36: A1 | H36: 0 | I36: A1
A37: B10.16a | B37: No. of enforcement notices active | C37: nr | D37: I | F37: 4 | G37: A1 | H37: 0 | I37: A1
A38: B10.17 | B38: No. of letters of commitment issued | C38: nr | D38: I | F38: 1 | G38: A1 | H38: 0 | I38: A1
A39: B10.17a | B39: No. of letters of commitment active | C39: nr | D39: I | F39: 6 | G39: A1 | H39: 0 | I39: A1
B41: Incidents | F41: Number | G41: CG
A42: B10.18 | B42: No. of water quality incidents | C42: nr | D42: I | F42: 36 | G42: B2
F44: 1 | H44: 2 | J44: 3 | L44: 4 | N44: 5 | P44: 6 | R44: 7 | T44: 8 | V44: 9 | X44: 10 | Z44: 11 | AB44: 12
B45: Consumer contacts to Scottish Water | F45: WQ Chlorine taste/smell | G45: CG | H45: WQ colour other | I45: CG | J45: WQ discoloured water | K45: CG | L45: WQ illness due to water | M45: CG | N45: WQ metallic taste | O45: CG | P45: WQ milky cloudy water | Q45: CG | R45: WQ musty/earthy taste/smell | S45: CG | T45: WQ organisms in water | U45: CG | V45: WQ particles in water | W45: CG | X45: WQ solvent/fuel taste/smell | Y45: CG | Z45: WQ taste/smell Other | AA45: CG | AB45: WQ TCP/chemical taste/smell | AC45: CG
A46: B10.19 | B46: No. of consumer contacts received by SW (all methods) about subject | C46: nr | D46: I | F46: 737 | G46: A1 | H46: 2 | I46: A1 | J46: 12170 | K46: A1 | L46: 414 | M46: A1 | N46: 477 | O46: A1 | P46: 1656 | Q46: A1 | R46: 1029 | S46: A1 | T46: 32 | U46: A1 | V46: 520 | W46: A1 | X46: 47 | Y46: A1 | Z46: 1 | AA46: A1 | AB46: 473 | AC46: A1
A47: B10.20 | B47: Telephone | C47: nr | D47: I | F47: 402 | G47: A1 | H47: 2 | I47: A1 | J47: 7794 | K47: A1 | L47: 369 | M47: A1 | N47: 274 | O47: A1 | P47: 943 | Q47: A1 | R47: 545 | S47: A1 | T47: 26 | U47: A1 | V47: 454 | W47: A1 | X47: 29 | Y47: A1 | Z47: 1 | AA47: A1 | AB47: 227 | AC47: A1
A48: B10.21 | B48: Social media | C48: nr | D48: I | F48: 10 | G48: A1 | H48: 0 | I48: A1 | J48: 119 | K48: A1 | L48: 4 | M48: A1 | N48: 3 | O48: A1 | P48: 9 | Q48: A1 | R48: 7 | S48: A1 | T48: 0 | U48: A1 | V48: 5 | W48: A1 | X48: 0 | Y48: A1 | Z48: 0 | AA48: A1 | AB48: 6 | AC48: A1
A49: B10.22 | B49: Other | C49: nr | D49: I | F49: 325 | G49: A1 | H49: 0 | I49: A1 | J49: 4257 | K49: A1 | L49: 41 | M49: A1 | N49: 200 | O49: A1 | P49: 704 | Q49: A1 | R49: 477 | S49: A1 | T49: 6 | U49: A1 | V49: 61 | W49: A1 | X49: 18 | Y49: A1 | Z49: 0 | AA49: A1 | AB49: 240 | AC49: A1
B51: Complaints to DWQR | F51: Total received | G51: CG | H51: Upheld | I51: CG
A52: B10.23 | B52: No. of 2nd tier complaints about WQ received / upheld by DWQR | C52: nr | D52: I | F52: 1 | G52: BX | H52: 0 | I52: BX
B54: Lead | F54: Calendar year to end December 2025 | G54: CG | H54: Financial year 2025-26 | I54: CG
A55: B10.24 | B55: Estimated number of lead pipes remaining in public supply | C55: nr | D55: I | F55: 46033 | G55: B4 | H55: 45696 | I55: B4
A56: B10.25 | B56: Indicator of lead in customers supply pipes | C56: % | D56: I | F56: =ROUND(((73/4148)*100),1) -> 1.8 | G56: B2
B58: Comments
B66: Prepared by: …………………………………………….. | G66: Date:
B68: Checked by: …………………………………………….. | G68: Date:
B70: Authorised by: | G70: Date:16/06/2026

Sheet B11a
B2: SEPA Annual Report to the Water Industry Commission for Scotland
B5: Table 11a: Pollution incidents
B7: Calendar Year 2025 | J7: Financial year 2025-26
D9: Category 1 | E9: Category 2 | F9: Category 3 | G9: Total | L9: Category 1 | M9: Category 2 | N9: Category 3 | O9: Total
C10: Sewage related premises | D10: Total number | E10: Total number | F10: Total number | G10: Total number (Cat 1-3 incidents) | H10: CG | K10: Sewage related premises | L10: Total number | M10: Total number | N10: Total number | O10: Total number (Cat 1-3 incidents) | P10: CG
B11: B11a.1 | C11: Sewage treatment works | D11: 0 | E11: 0 | F11: 28 | G11: =SUM(D11:F11) -> 28 | H11: A1 | J11: B11a.1 | K11: Sewage treatment works | L11: 0 | M11: 0 | N11: 28 | O11: =SUM(L11:N11) -> 28 | P11: A1
B12: B11a.2 | C12: Storm tank | D12: 0 | E12: 0 | F12: 0 | G12: =SUM(D12:F12) -> 0 | H12: A1 | J12: B11a.2 | K12: Storm tank | L12: 0 | M12: 0 | N12: 0 | O12: =SUM(L12:N12) -> 0 | P12: A1
B13: B11a.3 | C13: Combined sewer overflow | D13: 0 | E13: 0 | F13: 15 | G13: =SUM(D13:F13) -> 15 | H13: A1 | J13: B11a.3 | K13: Combined sewer overflow | L13: 0 | M13: 0 | N13: 11 | O13: =SUM(L13:N13) -> 11 | P13: A1
B14: B11a.4 | C14: Foul sewer | D14: 1 | E14: 1 | F14: 126 | G14: =SUM(D14:F14) -> 128 | H14: A1 | J14: B11a.4 | K14: Foul sewer | L14: 0 | M14: 1 | N14: 115 | O14: =SUM(L14:N14) -> 116 | P14: A1
B15: B11a.5 | C15: Pumping station | D15: 0 | E15: 1 | F15: 23 | G15: =SUM(D15:F15) -> 24 | H15: A1 | J15: B11a.5 | K15: Pumping station | L15: 0 | M15: 1 | N15: 19 | O15: =SUM(L15:N15) -> 20 | P15: A1
B16: B11a.6 | C16: Rising mains | D16: 0 | E16: 0 | F16: 12 | G16: =SUM(D16:F16) -> 12 | H16: A1 | J16: B11a.6 | K16: Rising mains | L16: 0 | M16: 0 | N16: 12 | O16: =SUM(L16:N16) -> 12 | P16: A1
B17: B11a.7 | C17: Other | D17: 0 | E17: 0 | F17: 0 | G17: =SUM(D17:F17) -> 0 | H17: A1 | J17: B11a.7 | K17: Other | L17: 0 | M17: 0 | N17: 0 | O17: =SUM(L17:N17) -> 0 | P17: A1
B18: B11a.8 | C18: Number of incidents where site compliant with discharge consent | D18: 0 | E18: 1 | F18: 13 | G18: =SUM(D18:F18) -> 14 | H18: A1 | J18: B11a.8 | K18: Number of incidents where site compliant with discharge consent | L18: 0 | M18: 1 | N18: 12 | O18: =SUM(L18:N18) -> 13 | P18: A1
D20: Category 1 | E20: Category 2 | F20: Category 3 | G20: Total | L20: Category 1 | M20: Category 2 | N20: Category 3 | O20: Total
C21: Water and surface water related premises | D21: Total number | E21: Total number | F21: Total number | G21: Total number (Cat 1-3 incidents) | H21: CG | K21: Water and surface water related premises | L21: Total number | M21: Total number | N21: Total number | O21: Total number (Cat 1-3 incidents) | P21: CG
B22: B11a.9 | C22: Water treatment works | D22: 0 | E22: 0 | F22: 3 | G22: =SUM(D22:F22) -> 3 | H22: A1 | J22: B11a.9 | K22: Water treatment works | L22: 0 | M22: 0 | N22: 2 | O22: =SUM(L22:N22) -> 2 | P22: A1
B23: B11a.10 | C23: Water distribution system | D23: 0 | E23: 0 | F23: 5 | G23: =SUM(D23:F23) -> 5 | H23: A1 | J23: B11a.10 | K23: Water distribution system | L23: 0 | M23: 0 | N23: 4 | O23: =SUM(L23:N23) -> 4 | P23: A1
B24: B11a.11 | C24: Surface water outfall | D24: 0 | E24: 0 | F24: 0 | G24: =SUM(D24:F24) -> 0 | H24: A1 | J24: B11a.11 | K24: Surface water outfall | L24: 0 | M24: 0 | N24: 0 | O24: =SUM(L24:N24) -> 0 | P24: A1
B25: B11a.12 | C25: Number of incidents where site compliant with discharge consent | D25: 0 | E25: 0 | F25: 0 | G25: =SUM(D25:F25) -> 0 | H25: A1 | J25: B11a.12 | K25: Number of incidents where site compliant with discharge consent | L25: 0 | M25: 0 | N25: 0 | O25: =SUM(L25:N25) -> 0 | P25: A1
G27: CG | O27: CG
B28: B11a.13 | C28: Total (sewage and water and surface water) related premises (automatically calculated) | D28: =SUM(D11+D12+D13+D14+D15+D16+D17+D22+D23+D24) -> 1 | E28: =SUM(E11+E12+E13+E14+E15+E16+E17+E22+E23+E24) -> 2 | F28: =SUM(F11+F12+F13+F14+F15+F16+F17+F22+F23+F24) -> 212 | G28: A1 | J28: B11a.13 | K28: Total (sewage and water and surface water) related premises (automatically calculated) | L28: =L11+L12+L13+L14+L15+L16+L17+L22+L23+L24 -> 0 | M28: =M11+M12+M13+M14+M15+M16+M17+M22+M23+M24 -> 2 | N28: =N11+N12+N13+N14+N15+N16+N17+N22+N23+N24 -> 191 | O28: A1
B29: B11a.14 | C29: Total (sewage and water and surface water) number of Incidents where site compliant with discharge consent (automatically calculated) | D29: =SUM(D18+D25) -> 0 | E29: =SUM(E18+E25) -> 1 | F29: =SUM(F18+F25) -> 13 | G29: A1 | J29: B11a.14 | K29: Total (sewage and water and surface water) number of Incidents where site compliant with discharge consent (automatically calculated) | L29: =L18+L25 -> 0 | M29: =M18+M25 -> 1 | N29: =N18+N25 -> 12 | O29: A1
E31: CG | M31: CG
B32: B11a.15 | C32: Total number of all category 1-3 incidents (automatically calculated) | D32: =SUM(D28:F28) -> 215 | E32: A1 | J32: B11a.15 | K32: Total number of all category 1-3 incidents (automatically calculated) | L32: =SUM(L28:N28) -> 193 | M32: A1
B33: B11a.16 | C33: Total number where site compliant with consent (automatically calculated) | D33: =SUM(D29:F29) -> 14 | E33: A1 | J33: B11a.16 | K33: Total number where site compliant with consent (automatically calculated) | L33: =SUM(L29:N29) -> 13 | M33: A1
B34: B11a.17 | C34: Total number of water company self reported incidents | D34: 74 | E34: A1 | J34: B11a.17 | K34: Total number of water company self reported incidents | L34: 66 | M34: A1
B36: Comments | J36: Comments
C37: Signed off and agreed with SEPA as per e-mail 08/04/26 | K37: Signed off and agreed with SEPA as per e-mail 08/04/26
B43: Authorised by: | D43: Date: 08/06/2026 | J43: Authorised by: | L43: Date: 08/06/2026

Sheet B11b
B2: SEPA Annual Report to the Water Industry Commission for Scotland
B4: Table 11b: Compliance
B7: Line ref. | C7: Description | D7: AR22 ref. | E7: Units | F7: Field type | H7: Calendar Year 2025 | I7: CG | K7: =B11a!J7 -> Financial year 2025-26 | L7: CG
B9: NUMERIC LICENCES
B11: Water Environment (Controlled Activities) Regulations 2005 (CAR)
C13: A) Sewage treatment works: Total number
B14: B11b.1 | C14: No. of wastewater treatment works on register during year (in force) | D14: 11b.1 | E14: nr | F14: I | H14: 1406 | I14: A2 | K14: 1406 | L14: A2
B15: B11b.2 | C15: No. of wastewater treatment works assessed for compliance | D15: 11b.2 | E15: nr | F15: I | H15: 580 | I15: A1 | K15: 580 | L15: A1
B16: B11b.3 | C16: No. of wastewater treatment works confirmed failing in year | D16: 11b.3 | E16: nr | F16: I | H16: 20 | I16: A1 | K16: 22 | L16: A1
B17: B11b.4 | C17: %. of wastewater treatment works compliant with licence in the year | D17: 11b.4 | E17: % | F17: C | H17: =+(H14-H16)/H14 -> 0.98577525 | I17: A2 | K17: =+(K14-K16)/K14 -> 0.98435277 | L17: A2
C19: B) Look-up table lower tier licences
B20: B11b.5 | C20: No. of wastewater treatment works on register during year (in force) | D20: 11b.5 | E20: nr | F20: I | H20: 1406 | I20: A2 | K20: 1406 | L20: A2
B21: B11b.6 | C21: No. of wastewater treatment works assessed for compliance | D21: 11b.6 | E21: nr | F21: I | H21: 580 | I21: A1 | K21: 580 | L21: A1
B22: B11b.7 | C22: No. of wastewater treatment works confirmed failing in year | D22: 11b.7 | E22: nr | F22: I | H22: 7 | I22: A1 | K22: 8 | L22: A1
B23: B11b.8 | C23: %. of wastewater treatment works compliant with licence in the year | D23: 11b.8 | E23: % | F23: C | H23: =+(H20-H22)/H20 -> 0.99502134 | I23: A2 | K23: =+(K20-K22)/K20 -> 0.9943101 | L23: A2
C25: C) Upper tier licences
B26: B11b.9 | C26: No. of wastewater treatment works on register during year (in force). | D26: 11b.9 | E26: nr | F26: I | H26: 1406 | I26: A2 | K26: 1406 | L26: A2
B27: B11b.10 | C27: No. of wastewater treatment works assessed for compliance | D27: 11b.10 | E27: nr | F27: I | H27: 580 | I27: A1 | K27: 580 | L27: A1
B28: B11b.11 | C28: No. of wastewater treatment works confirmed failing in year | D28: 11b.11 | E28: nr | F28: I | H28: 14 | I28: A1 | K28: 15 | L28: A1
B29: B11b.12 | C29: %. of wastewater treatment works compliant with licence in the year | D29: 11b.12 | E29: % | F29: C | H29: =+(H26-H28)/H26 -> 0.99004267 | I29: A2 | K29: =+(K26-K28)/K26 -> 0.98933144 | L29: A2
C31: D) Single tier licences
B32: B11b.13 | C32: No. of wastewater treatment works on register during year (in force) | D32: 11b.13 | E32: nr | F32: I | H32: 415 | I32: A2 | K32: 415 | L32: A2
B33: B11b.14 | C33: No. of wastewater treatment works assessed for compliance | D33: 11b.14 | E33: nr | F33: I | H33: 1 | I33: A1 | K33: 1 | L33: A1
B34: B11b.15 | C34: No. of wastewater treatment works confirmed failing in year | D34: 11b.15 | E34: nr | F34: I | H34: 0 | I34: A1 | K34: 0 | L34: A1
B35: B11b.16 | C35: %. of wastewater treatment works compliant with licence in the year | D35: 11b.16 | E35: % | F35: C | H35: =+(H32-H34)/H32 -> 1 | I35: A2 | K35: =+(K32-K34)/K32 -> 1 | L35: A2
C37: F) wastewater treatment works confirmed as failing (CAR)
B38: B11b.21 | C38: Number of wastewater treatment works confirmed as failing (CAR) | D38: 11b.21 | E38: nr | F38: I | H38: 20 | I38: A1 | K38: 22 | L38: A1
B39: B11b.22 | C39: Total population equivalent confirmed as failing | D39: 11b.22 | E39: nr | F39: I | H39: 276222 | I39: A1 | K39: 294973 | L39: A1
B40: B11b.23 | C40: Total population equivalent served by WwTWs (resident) (numeric licences) | D40: 11b.23 | E40: nr | F40: I | H40: 6510886 | I40: A1 | K40: 6510886 | L40: A1
B41: B11b.24 | C41: Percentage population equivalent confirmed as failing | D41: 11b.24 | E41: % | F41: C | H41: =+H39/H40 -> 0.042424641 | I41: A1 | K41: =+K39/K40 -> 0.045304587 | L41: A1
B43: Urban Wastewater Treatment Directive (UWWTD)
C45: G) UWWTD
B46: B11b.25 | C46: No. of wastewater treatment works on register during year (in force). | D46: 11b.25 | E46: nr | F46: I | H46: 198 | I46: A1 | K46: 198 | L46: A1
B47: B11b.26 | C47: No. of wastewater treatment works assessed for compliance | D47: 11b.26 | E47: nr | F47: I | H47: 198 | I47: A1 | K47: 198 | L47: A1
B48: B11b.27 | C48: No. of wastewater treatment works confirmed failing in year | D48: 11b.27 | E48: nr | F48: I | H48: 3 | I48: A1 | K48: 3 | L48: A1
B49: B11b.28 | C49: %. of wastewater treatment works compliant with licence in the year | D49: 11b.28 | E49: % | F49: C | H49: =+(H46-H48)/H46 -> 0.98484848 | I49: A1 | K49: =+(K46-K48)/K46 -> 0.98484848 | L49: A1
B51: Overall performance assessment (OPA) licence measure
C53: H) Wastewater treatment works confirmed as failing (OPA criteria only)
B54: B11b.29 | C54: Number of wastewater treatment works confirmed as failing (OPA) | D54: 11b.29 | E54: nr | F54: I | H54: 23 | I54: A1 | K54: 26 | L54: A1
B55: B11b.30 | C55: Total population equivalent confirmed as failing | D55: 11b.30 | E55: nr | F55: I | H55: 293921 | I55: A1 | K55: 356184 | L55: A1
B56: B11b.31 | C56: Total population equivalent served by WwTWs (resident) (numeric licences) | D56: 11b.31 | E56: nr | F56: I | H56: 6510886 | I56: A1 | K56: 6510886 | L56: A1
B57: B11b.32 | C57: Percentage population equivalent confirmed as failing | D57: 11b.32 | E57: % | F57: C | H57: =+H55/H56 -> 0.045143011 | I57: A1 | K57: =+K55/K56 -> 0.054705919 | L57: A1
B58: B11b.33 | C58: Number of wastewater treatment works confirmed as failing (OPA) (SR15 equivalent) | E58: nr | F58: I | H58: 7 | I58: A1 | K58: 8 | L58: A1
B59: B11b.34 | C59: Total population equivalent confirmed as failing (SR15 equivalent) | E59: nr | F59: I | H59: 159803 | I59: A1 | K59: 177912 | L59: A1
B60: B11b.35 | C60: Total population equivalent served by WwTWs (resident) (numeric licences) (SR15 equivalent) | E60: nr | F60: I | H60: 6510886 | I60: A1 | K60: 6510886 | L60: A1
B61: B11b.36 | C61: Percentage population equivalent confirmed as failing (SR15 OPA equivalent) | E61: % | F61: C | H61: =+H59/H60 -> 0.024543971 | I61: A1 | K61: =+K59/K60 -> 0.027325313 | L61: A1
B65: Comments
C66: AR26 PE used for AR26. This return is an accurate summary of this years failing assets. - (SEPA) 17 June 2026
B72: Authorised by: | H72: Date:08/06/2026

Sheet B11c
B2: SEPA Annual Report to the Water Industry Commission for Scotland
B4: Table 11c: Wastewater treatment works confirmed as failing
B6: WASTEWATER TREATMENT WORKS (including septic tanks and crude outfalls) | O6: WASTEWATER TREATMENT WORKS (including septic tanks and crude outfalls)
B8: Calendar year to end of December 2025 | O8: Financial year 2025-26
B9: 31st December 2025 | O9: 31st March 2026
F11: CAR | H11: UWWTD | J11: OPA** | S11: CAR | U11: UWWT | W11: OPA**
B12: ASSET No. | C12: CAR LICENCE NUMBER | D12: ASSET NAME | E12: LICENCE TYPE | F12: Compliant / Failed (C or F) | H12: Compliant / Failed (C or F) | I12: Parameter(s) failed* | J12: Compliant / Failed (C or F) | K12: PE | L12: Comments | M12: CG | O12: ASSET No. | P12: CAR LICENCE NUMBER | Q12: ASSET NAME | R12: LICENCE TYPE | S12: Compliant / Failed (C or F) | U12: Compliant / Failed (C or F) | V12: Parameter(s) failed* | W12: Compliant / Failed (C or F) | X12: PE | Y12: Comments | Z12: CG
E13: ("2 Tier", "1 Tier", "Other") | F13: LT | G13: UT | H13: ALL | R13: (2 Tier, 1 Tier, Other) | S13: LT | T13: UT | U13: ALL
B14: STW001996 | C14: CAR/L/1001155 | D14: Aberfoyle | E14: 2 Tier | F14: C | G14: F | H14: C | I14: pH | J14: F | K14: 1237 | M14: A1 | O14: STW001996 | P14: CAR/L/1001155 | Q14: Aberfoyle | R14: 2 Tier | S14: C | T14: F | U14: C | V14: pH | W14: F | X14: 1237 | Z14: A1
B15: STW002317 | C15: CAR/L/1008721 | D15: Aviemore | E15: 2 Tier | F15: C | G15: F | H15: C | I15: pH, Suspended Solids, Iron | J15: F | K15: 7215 | L15: Iron - Annual Mean Consent | M15: A1 | O15: STW001969 | P15: CAR/L/1001222 | Q15: East Calder | R15: 2 Tier | S15: F | T15: C | U15: C | V15: NH3-N | W15: F | X15: 109877 | Z15: A1
B16: STW001969 | C16: CAR/L/1001222 | D16: East Calder | E16: 2 Tier | F16: F | G16: C | H16: C | I16: NH3-N | J16: F | K16: 109877 | M16: A1 | O16: STW002014 | P16: CAR/L/1001523 | Q16: Bathgate | R16: 2 Tier | S16: F | T16: F | U16: C | V16: NH3-N | W16: F | X16: 14468 | Z16: A1
B17: STW002014 | C17: CAR/L/1001523 | D17: Bathgate | E17: 2 Tier | F17: F | G17: F | H17: C | I17: NH3-N | J17: F | K17: 14468 | M17: A1 | O17: STW001970 | P17: CAR/L/1001017 | Q17: Blackburn | R17: 2 Tier | S17: F | T17: C | U17: C | V17: NH3-N | W17: F | X17: 20685 | Z17: A1
B18: STW002228 | C18: CAR/L/1001221 | D18: Blackridge | E18: 2 Tier | F18: F | G18: C | H18: C | I18: NH3-N | J18: F | K18: 2311 | M18: A1 | O18: STW000085 | P18: CAR/L/1003431 | Q18: Bothwellbank | R18: 2 Tier | S18: F | T18: C | U18: C | V18: NH3-N | W18: F | X18: 24570 | Z18: A1
B19: STW000085 | C19: CAR/L/1003431 | D19: Bothwellbank | E19: 2 Tier | F19: F | G19: C | H19: C | I19: NH3-N | J19: F | K19: 24570 | M19: A1 | O19: STW002024 | P19: CAR/L/1003818 | Q19: Bridgend | R19: 2 Tier | S19: C | T19: F | U19: C | V19: pH | W19: F | X19: 757 | Z19: A1
B20: STW002024 | C20: CAR/L/1003818 | D20: Bridgend | E20: 2 Tier | F20: C | G20: F | H20: C | I20: pH | J20: F | K20: 757 | M20: A1 | O20: STW001249 | P20: CAR/L/1001671 | Q20: Croy | R20: 2 Tier | S20: C | T20: F | U20: C | V20: E.Coli | W20: F | X20: 587 | Y20: Bacti Samples Taken by SEPA | Z20: A1
B21: STW001249 | C21: CAR/L/1001671 | D21: Croy | E21: 2 Tier | F21: C | G21: F | H21: C | I21: E.Coli | J21: F | K21: 587 | L21: Bacti Samples Taken by SEPA | M21: A1 | O21: STW001980 | P21: CAR/L/1001178 | Q21: Cupar | R21: 2 Tier | S21: C | T21: F | U21: C | V21: Suspended Solids | W21: F | X21: 11545 | Z21: A1
B22: STW001980 | C22: CAR/L/1001178 | D22: Cupar | E22: 2 Tier | F22: C | G22: F | H22: C | I22: Suspended Solids | J22: F | K22: 11545 | M22: A1 | O22: STW001168 | P22: CAR/L/1001952 | Q22: Drumnadrochit | R22: 2 Tier | S22: C | T22: F | U22: C | V22: Suspended Solids | W22: F | X22: 2019 | Z22: A1
B23: STW001168 | C23: CAR/L/1001952 | D23: Drumnadrochit | E23: 2 Tier | F23: C | G23: F | H23: C | I23: Suspended Solids | J23: F | K23: 2019 | M23: A1 | O23: STW002066 | P23: CAR/L/1001410 | Q23: Fauldhouse | R23: 2 Tier | S23: C | T23: F | U23: C | V23: Suspended Solids | W23: F | X23: 5184 | Z23: A1
B24: STW002066 | C24: CAR/L/1001410 | D24: Fauldhouse | E24: 2 Tier | F24: C | G24: F | H24: C | I24: Suspended Solids | J24: F | K24: 5184 | M24: A1 | O24: STW002080 | P24: CAR/L/1025911 | Q24: Gorebridge | R24: 2 Tier | S24: C | T24: F | U24: C | V24: Suspended Solids | W24: F | X24: 4607 | Z24: A1
B25: STW001817 | C25: CAR/L/1001227 | D25: Fettercairn | E25: 2 Tier | F25: C | G25: F | H25: C | I25: Suspended Solids | J25: F | K25: 557 | M25: A1 | O25: STW002261 | P25: CAR/L/1001270 | Q25: Grantshouse | R25: 2 Tier | S25: F | T25: C | U25: C | V25: BOD | W25: F | X25: 82 | Z25: A1
B26: STW002261 | C26: CAR/L/1001270 | D26: Grantshouse | E26: 2 Tier | F26: F | G26: C | H26: C | I26: BOD | J26: F | K26: 82 | M26: A1 | O26: STW000418 | P26: CAR/L/1000371 | Q26: Kilmartin | R26: 2 Tier | S26: C | T26: F | U26: C | V26: BOD | W26: F | X26: 166 | Z26: A1
B27: STW000418 | C27: CAR/L/1000371 | D27: Kilmartin | E27: 2 Tier | F27: C | G27: F | H27: C | I27: BOD | J27: F | K27: 166 | M27: A1 | O27: STW001167 | P27: CAR/L/1003855 | Q27: Kiltarlity | R27: 2 Tier | S27: C | T27: F | U27: C | V27: BOD | W27: F | X27: 478 | Z27: A1
B28: STW001167 | C28: CAR/L/1003855 | D28: Kiltarlity | E28: 2 Tier | F28: C | G28: F | H28: C | I28: BOD | J28: F | K28: 478 | M28: A1 | O28: STW002266 | P28: CAR/L/1001447 | Q28: Kirknewton (Ritchie Camp) | R28: 2 Tier | S28: F | T28: C | U28: C | V28: NH3-N | W28: F | X28: 61 | Z28: A1
B29: STW002266 | C29: CAR/L/1001447 | D29: Kirknewton (Ritchie Camp) | E29: 2 Tier | F29: F | G29: C | H29: C | I29: NH3-N | J29: F | K29: 61 | M29: A1 | O29: STW003754 | P29: CAR/L/1001451 | Q29: Longriggend | R29: 2 Tier | S29: F | T29: C | U29: C | V29: BOD | W29: F | X29: 152 | Z29: A1
B30: STW001176 | C30: CAR/L/1003854 | D30: Muir of Ord | E30: 2 Tier | F30: C | G30: C | H30: F | I30: BOD | J30: F | K30: 4891 | M30: A1 | O30: STW001345 | P30: CAR/L/1004123 | Q30: Moray West (Oakenhead), Lossiemouth | R30: 2 Tier | S30: C | T30: C | U30: F | V30: BOD, COD | W30: F | X30: 43512 | Y30: Exclusion Request Submitted | Z30: A1
B31: STW001299 | C31: CAR/L/1008790 | D31: Nethy Bridge | E31: 2 Tier | F31: C | G31: F | H31: C | I31: pH | J31: F | K31: 899 | M31: A1 | O31: STW001176 | P31: CAR/L/1003854 | Q31: Muir of Ord | R31: 2 Tier | S31: C | T31: C | U31: F | V31: BOD | W31: F | X31: 4891 | Z31: A1
B32: STW001968 | C32: CAR/L/1001528 | D32: Penicuik | E32: 2 Tier | F32: C | G32: F | H32: C | I32: BOD, Suspended Solids, Iron | J32: F | K32: 13884 | L32: Iron - Annual Mean Consent | M32: A1 | O32: STW001299 | P32: CAR/L/1008790 | Q32: Nethy Bridge | R32: 2 Tier | S32: C | T32: F | U32: C | V32: pH | W32: F | X32: 899 | Z32: A1
B33: STW001712 | C33: CAR/L/1001552 | D33: Perth | E33: 2 Tier | F33: C | G33: F | H33: C | I33: BOD, Suspended Solids | J33: F | K33: 72308 | M33: A1 | O33: STW000568 | P33: CAR/L/1003403 | Q33: Patna | R33: 2 Tier | S33: C | T33: F | U33: C | V33: BOD, Suspended Solids | W33: F | X33: 2070 | Z33: A1
B34: STW002145 | C34: CAR/L/1001090 | D34: Plean | E34: 2 Tier | F34: C | G34: C | H34: F | I34: COD | J34: F | K34: 2302 | M34: A1 | O34: STW001968 | P34: CAR/L/1001528 | Q34: Penicuik | R34: 2 Tier | S34: C | T34: F | U34: C | V34: BOD, Suspended Solids, Iron AMC | W34: F | X34: 13884 | Y34: Iron - Annual Mean Consent | Z34: A1
B35: STW002386 | C35: CAR/L/1008813 | D35: South Queensferry | E35: 2 Tier | F35: C | G35: C | H35: F | I35: BOD, COD | J35: F | K35: 10506 | M35: A1 | O35: STW001712 | P35: CAR/L/1001552 | Q35: Perth | R35: 2 Tier | S35: C | T35: F | U35: C | V35: BOD, Suspended Solids | W35: F | X35: 72308 | Z35: A1
B36: STW000671 | C36: CAR/L/1003405 | D36: Stewarton | E36: 2 Tier | F36: F | G36: C | H36: C | I36: BOD, NH3-N, SRP | J36: F | K36: 8017 | M36: A1 | O36: STW002145 | P36: CAR/L/1001090 | Q36: Plean | R36: 2 Tier | S36: C | T36: C | U36: F | V36: COD | W36: F | X36: 2302 | Z36: A1
O37: STW000597 | P37: CAR/L/1003626 | Q37: Portpatrick | R37: 2 Tier | S37: C | T37: F | U37: C | V37: pH | W37: F | X37: 1320 | Z37: A1
O38: STW002386 | P38: CAR/L/1008813 | Q38: South Queensferry | R38: 2 Tier | S38: C | T38: C | U38: F | V38: BOD, COD | W38: F | X38: 10506 | Z38: A1
O39: STW000671 | P39: CAR/L/1003405 | Q39: Stewarton | R39: 2 Tier | S39: F | T39: C | U39: C | V39: BOD, SRP | W39: F | X39: 8017 | Z39: A1
B41: * BOD, COD, SS, NH3, pH, Scheme in breach of statutory deadlines, etc. For UWWTD failures specify: Reporting, Audit, Insufficient samples, BOD UT, BOD LUT, COD UT, COD LUT or Annual average (or a combination of these).
B42: ** Please follow OPA criteria as described in the "Ofwat OPA guidance" worksheet
B44: Levels of Service analysis
B45: 1) The Levels of Service analysis only includes BOD LUT and P failures for UWWT reporting
B46: 2) In the Levels of Service analysis, where a WWTW failures both the LUT part of its CAR licence and the BOD LUT or P UWWT licence condition, the failure is reported against the CAR licence only
J48: FAILING PE (OPA) | K48: =SUMIF(J$14:J39,"F",K$14:K39) -> 293921 | W48: FAILING PE (OPA) | X48: =SUMIF(W$14:W39,"F",X$14:X39) -> 356184
J49: TOTAL NUMERICALLY LICENSED PE (OPA) | K49: 6381609.3 | W49: TOTAL NUMERICALLY LICENSED PE (OPA) | X49: 6381609.3
F51: %PE FAILING (OPA) | K51: =K48/K49 -> 0.046057505 | S51: %PE FAILING (OPA) | X51: =X48/X49 -> 0.055814135
F52: LOWER TIER FAILING (CAR) | K52: =COUNTIFS(E:E,"2 Tier",F:F,"F") -> 7 | S52: LOWER TIER FAILING (CAR) | X52: =COUNTIFS(R$14:R$153,"2 Tier",S$14:S$153,"F") -> 8
F53: UPPER TIER FAILING (CAR) | K53: =COUNTIFS(E:E,"<>1 Tier",G:G,"F") -> 14 | S53: UPPER TIER FAILING (CAR) | X53: =COUNTIFS(R:R,"<>1 Tier",T:T,"F") -> 15
F54: SINGLE TIER FAILING (CAR) | K54: =COUNTIFS(E:E,"1 Tier",F:F,"F",G:G,"F") -> 0 | S54: SINGLE TIER FAILING (CAR) | X54: =COUNTIFS(R:R,"1 Tier",S:S,"F",T:T,"F") -> 0
F55: TOTAL FAILING (CAR) | K55: {=SUM(IF((F$14:F153="F")+(G$14:G153="F"),1,0))} -> 20 | S55: TOTAL FAILING (CAR) | X55: {=SUM(IF((S$14:S153="F")+(T$14:T153="F"),1,0))} -> 22
B57: Comments | O57: Comments
B58: UWWTD (Column H) is a calendar year measure but does impact OPA (Column J) | O58: UWWTD (Column U) is a calendar year measure but does impact OPA (Column W)
B60: AR26 PE used for AR26. | O60: AR26 PE used for AR26
O61: This return is an accurate summary of this years failing assets. - John MacDonald (SEPA) 17 June 2026
B64: Authorised by: | E64: Date:08/06/2026 | O64: Authorised by: | P64: Simon Parsons | R64: Date:
